Workbook
Name POWER_USER_EXCEL_CHART_44D0C708_3ADC_4C7B_8B8F_FEB917D0C418: [1]F1b!#REF!
Name POWER_USER_EXCEL_CHART_44D0C708_3ADC_4C7B_8B8F_FEB917D0C418: [1]F1b!#REF!
Name POWER_USER_EXCEL_CHART_44D0C708_3ADC_4C7B_8B8F_FEB917D0C418: [1]F1b!#REF!
Name POWER_USER_EXCEL_CHART_44D0C708_3ADC_4C7B_8B8F_FEB917D0C418: [1]F1b!#REF!
Name POWER_USER_EXCEL_CHART_44D0C708_3ADC_4C7B_8B8F_FEB917D0C418: [2]F1b!#REF!
Name POWER_USER_EXCEL_CHART_44D0C708_3ADC_4C7B_8B8F_FEB917D0C418: [1]F1b!#REF!
Name POWER_USER_EXCEL_CHART_44D0C708_3ADC_4C7B_8B8F_FEB917D0C418: [1]F1b!#REF!
Name POWER_USER_EXCEL_CHART_44D0C708_3ADC_4C7B_8B8F_FEB917D0C418: [1]F1b!#REF!
Name POWER_USER_EXCEL_CHART_C64A436F_1D8E_4E3E_9D3C_59F85339ECFE: [1]F1b!#REF!
Name POWER_USER_EXCEL_CHART_C64A436F_1D8E_4E3E_9D3C_59F85339ECFE: [1]F1b!#REF!
Name POWER_USER_EXCEL_CHART_C64A436F_1D8E_4E3E_9D3C_59F85339ECFE: [1]F1b!#REF!
Name POWER_USER_EXCEL_CHART_C64A436F_1D8E_4E3E_9D3C_59F85339ECFE: [1]F1b!#REF!
Name POWER_USER_EXCEL_CHART_C64A436F_1D8E_4E3E_9D3C_59F85339ECFE: [2]F1b!#REF!
Name POWER_USER_EXCEL_CHART_C64A436F_1D8E_4E3E_9D3C_59F85339ECFE: [1]F1b!#REF!

Sheet Index
A1: Metadata
B2: =Metadata1!A1 -> Table 0.1: Sample Composition (# of Households)
B3: =Metadata2!A1 -> Table 0.2: Contact Rate
B4: =Figure1!A1 -> Number of Attempts
B5: =Metadata3!A1 -> Table 0.3: Result of Interview
B6: =Metadata4!A1 -> Table 0.4: Language of interivew
B7: Duration of Interview
B8: Table 0.5: Sample Compostition
A9: Basic Information
B10: Table 1.1: Respondent Characteristics (Age and Sex)
B11: Table 1.2: Respondent relationship to head
B12: Table 1.3: Respondent education*
B13: Table 1.4: Characteristics of Household
B14: Table 1.5: Older Adults and Dependency
A15: Behavior, and concerns
B16: Table 2.5. Prevalence of safe practices
B17: =Knowledge_Behav_Concerns2!A1 -> Table 2.7. Degree of worry about self/immediate family becoming seriously ill from Coronavirus
B18: =Knowledge_Behav_Concerns3!A1 -> Table 2.8. Degree of perception of threat to household's finance caused by coronavirus
B19: Table 2.11a. Prevalence of Safe Practises(Washing Hands with Soap after being in Public), Last 7 days
B20: Table 2.11b. Prevalence of Safe Practises(Wearing a Mask when in Public), Last 7 days
B21: Table 2.20. Patient Health
B22: Table 2.21. Early Child Development
B23: Table 2.21. Early Child Development Continued..
A24: Access
B25: Table 3.1. Access to Medicine and Medical Services, past 7 days
B26: Table 3.2a. Reasons basic needs were not available (% of HHs that could not Acess)
B27: Table 3.5. Reasons unable to access medical treatment (% of HHs where one of the members needed medical treatment)
B28: Table 3.3. Food Security Problems
B29: Table 3.3. Food Security Problems
B30: Table 3.4. Medical treatment in the past 4 weeks
B31: Table 3.4b. Type of Services Needed
A32: Employment
B33: Table 4.1. Overall Work Status
B34: Table 4.17 Job Stability
B35: Table 4.19. Work stoppages, main reason
B36: Table 4.21. Type of work of those respondents working
B37: Table 4.22. Hours worked (average for working population)
A38: Safety Nets
B39: Table 5.6 Other Income sources
B40: Table 6.10b. Share of Households that needed to Sell Livestock but Could Not. (% of households that kept livestock)
B41: Table 6.10c. Reasons Households Could NOT sell Livestock (% of HHs that needed to sale)
B42: Table 6.2b. Reasons for Crop Sales
B43: Table 6.2c. Status of Sales
B44: Table 6.2a Crops Sold during the Dry Season 2020 Agricultural Season

Sheet Metadata1
A1: Table 0.1: Sample Composition (# of Households) | I1: Back to Table of Contents
C2: Total | D2: Sector | F2: Design Strata
D3: Urban | E3: Rural | F3: Urban North | G3: Urban Center | H3: Urban South | I3: Rural North | J3: Rural Center | K3: Rural South
A4: Sample size, IHPS 2019 | C4: 2337 | D4: 779 | E4: 1558 | F4: 123 | G4: 390 | H4: 266 | I4: 202 | J4: 658 | K4: 698 | L4: Round 1
A5: Phone Number Availability | B5: Household Phone | C5: 1993 | D5: 736 | E5: 1257 | F5: 117 | G5: 370 | H5: 249 | I5: 158 | J5: 534 | K5: 565
B6: Only Reference Contact | C6: 344 | D6: 43 | E6: 301 | F6: 6 | G6: 20 | H6: 17 | I6: 44 | J6: 124 | K6: 133
A7: HHs called for Round 1 (sample size) | C7: 2337 | D7: 779 | E7: 1558 | F7: 123 | G7: 390 | H7: 266 | I7: 202 | J7: 658 | K7: 698
A8: HHs fully interviewed | C8: 1729 | D8: 617 | E8: 1112 | F8: 107 | G8: 292 | H8: 218 | I8: 149 | J8: 443 | K8: 520
A9: HHs reached but not fully interviewed | C9: 4 | D9: 3 | E9: 1 | F9: 1 | G9: 1 | H9: 1 | I9: 0 | J9: 0 | K9: 1
A10: HHs refused | C10: 10 | D10: 7 | E10: 3 | F10: 1 | G10: 3 | H10: 3 | I10: 0 | J10: 2 | K10: 1
A11: HHs unable to reach | C11: 594 | D11: 152 | E11: 442 | F11: 14 | G11: 94 | H11: 44 | I11: 53 | J11: 213 | K11: 176
A13: Sample size, IHPS 2019 | C13: 1729 | D13: 637 | E13: 1092 | F13: 108 | G13: 304 | H13: 225 | I13: 148 | J13: 431 | K13: 513 | L13: Round 2
A14: Phone Number Availability | B14: Household Phone | C14: 1542 | D14: 615 | E14: 927 | F14: 102 | G14: 298 | H14: 215 | I14: 123 | J14: 374 | K14: 430
B15: Only Reference Contact | C15: 187 | D15: 22 | E15: 165 | F15: 6 | G15: 6 | H15: 10 | I15: 25 | J15: 57 | K15: 83
A16: HHs called for Round 2 (sample size) | C16: 1729 | D16: 637 | E16: 1092 | F16: 108 | G16: 304 | H16: 225 | I16: 148 | J16: 431 | K16: 513
A17: HHs fully interviewed | C17: 1646 | D17: 613 | E17: 1033 | F17: 103 | G17: 293 | H17: 217 | I17: 141 | J17: 403 | K17: 489
A18: HHs reached but not fully interviewed | C18: 2 | D18: 1 | E18: 1 | F18: 0 | G18: 0 | H18: 1 | I18: 0 | J18: 1 | K18: 0
A19: HHs refused | C19: 7 | D19: 4 | E19: 3 | F19: 1 | G19: 3 | H19: 0 | I19: 0 | J19: 0 | K19: 3
A20: HHs unable to reach | C20: 74 | D20: 19 | E20: 55 | F20: 4 | G20: 8 | H20: 7 | I20: 7 | J20: 27 | K20: 21
A22: Sample size, IHPS 2019 | C22: =SUM(C23:C24) -> 1722 | D22: =SUM(D23:D24) -> 633 | E22: =SUM(E23:E24) -> 1089 | F22: =SUM(F23:F24) -> 107 | G22: =SUM(G23:G24) -> 301 | H22: =SUM(H23:H24) -> 225 | I22: =SUM(I23:I24) -> 148 | J22: =SUM(J23:J24) -> 431 | K22: =SUM(K23:K24) -> 510 | L22: Round 3
A23: Phone Number Availability | B23: Household Phone | C23: 1536 | D23: 611 | E23: 925 | F23: 101 | G23: 295 | H23: 215 | I23: 123 | J23: 374 | K23: 428
B24: Only Reference Contact | C24: 186 | D24: 22 | E24: 164 | F24: 6 | G24: 6 | H24: 10 | I24: 25 | J24: 57 | K24: 82
A25: HHs called for Round 3 (sample size) | C25: 1722 | D25: 633 | E25: 1089 | F25: 107 | G25: 301 | H25: 225 | I25: 148 | J25: 431 | K25: 510
A26: HHs fully interviewed | C26: 1624 | D26: 596 | E26: 1028 | F26: 103 | G26: 279 | H26: 214 | I26: 142 | J26: 403 | K26: 483
A27: HHs reached but not fully interviewed | C27: 1 | D27: 1 | E27: 0 | F27: 1 | G27: 0 | H27: 0 | I27: 0 | J27: 0 | K27: 0
A28: HHs refused | C28: 11 | D28: 8 | E28: 3 | F28: 2 | G28: 3 | H28: 3 | I28: 0 | J28: 2 | K28: 1
A29: HHs unable to reach | C29: 86 | D29: 28 | E29: 58 | F29: 1 | G29: 19 | H29: 8 | I29: 6 | J29: 26 | K29: 26
A31: Sample size, IHPS 2019 | C31: =SUM(C32:C33) -> 1707 | D31: =SUM(D32:D33) -> 622 | E31: =SUM(E32:E33) -> 1085 | F31: =SUM(F32:F33) -> 104 | G31: =SUM(G32:G33) -> 297 | H31: =SUM(H32:H33) -> 221 | I31: =SUM(I32:I33) -> 148 | J31: =SUM(J32:J33) -> 428 | K31: =SUM(K32:K33) -> 509 | L31: Round 4
A32: Phone Number Availability | B32: Household Phone | C32: 1521 | D32: 600 | E32: 921 | F32: 98 | G32: 291 | H32: 211 | I32: 123 | J32: 371 | K32: 427
B33: Only Reference Contact | C33: 186 | D33: 22 | E33: 164 | F33: 6 | G33: 6 | H33: 10 | I33: 25 | J33: 57 | K33: 82
A34: HHs called for Round 4 (sample size) | C34: 1707 | D34: 622 | E34: 1085 | F34: 104 | G34: 297 | H34: 221 | I34: 148 | J34: 428 | K34: 509
A35: HHs fully interviewed | C35: 1616 | D35: 596 | E35: 1020 | F35: 101 | G35: 285 | H35: 210 | I35: 141 | J35: 400 | K35: 479
A36: HHs reached but not fully interviewed | C36: 1 | D36: 0 | E36: 1 | F36: 0 | G36: 0 | H36: 0 | I36: 0 | J36: 1 | K36: 0
A37: HHs refused | C37: 3 | D37: 3 | E37: 0 | F37: 1 | G37: 1 | H37: 1 | I37: 0 | J37: 0 | K37: 0
A38: HHs unable to reach | C38: 87 | D38: 23 | E38: 64 | F38: 2 | G38: 11 | H38: 10 | I38: 7 | J38: 27 | K38: 30
A40: Sample size, IHPS 2019 | C40: =SUM(C41:C42) -> 1706 | D40: =SUM(D41:D42) -> 621 | E40: =SUM(E41:E42) -> 1085 | F40: =SUM(F41:F42) -> 104 | G40: =SUM(G41:G42) -> 296 | H40: =SUM(H41:H42) -> 221 | I40: =SUM(I41:I42) -> 148 | J40: =SUM(J41:J42) -> 428 | K40: =SUM(K41:K42) -> 509 | L40: Round 5
A41: Phone Number Availability | B41: Household Phone | C41: 1520 | D41: 599 | E41: 921 | F41: 98 | G41: 290 | H41: 211 | I41: 123 | J41: 371 | K41: 427
B42: Only Reference Contact | C42: 186 | D42: 22 | E42: 164 | F42: 6 | G42: 6 | H42: 10 | I42: 25 | J42: 57 | K42: 82
A43: HHs called for Round 5 (sample size) | C43: 1704 | D43: 619 | E43: 1085 | F43: 103 | G43: 296 | H43: 220 | I43: 148 | J43: 428 | K43: 509
A44: HHs fully interviewed | C44: 1589 | D44: 584 | E44: 1005 | F44: 97 | G44: 280 | H44: 207 | I44: 137 | J44: 395 | K44: 473
A45: HHs reached but not fully interviewed
A46: HHs refused | C46: 1 | D46: 1 | E46: 0 | F46: 1 | G46: 0 | H46: 0 | I46: 0 | J46: 0 | K46: 0
A47: HHs unable to reach | C47: 114 | D47: 34 | E47: 80 | F47: 5 | G47: 16 | H47: 13 | I47: 11 | J47: 33 | K47: 36
A49: Sample size, IHPS 2019 | C49: =SUM(C50:C51) -> 1703 | D49: =SUM(D50:D51) -> 618 | E49: =SUM(E50:E51) -> 1085 | F49: =SUM(F50:F51) -> 102 | G49: =SUM(G50:G51) -> 296 | H49: =SUM(H50:H51) -> 220 | I49: =SUM(I50:I51) -> 148 | J49: =SUM(J50:J51) -> 428 | K49: =SUM(K50:K51) -> 509 | L49: Round 6
A50: Phone Number Availability | B50: Household Phone | C50: 1517 | D50: 596 | E50: 921 | F50: 96 | G50: 290 | H50: 210 | I50: 123 | J50: 371 | K50: 427
B51: Only Reference Contact | C51: 186 | D51: 22 | E51: 164 | F51: 6 | G51: 6 | H51: 10 | I51: 25 | J51: 57 | K51: 82
A52: HHs called for Round 5 (sample size) | C52: 1703 | D52: 618 | E52: 1085 | F52: 102 | G52: 296 | H52: 220 | I52: 148 | J52: 428 | K52: 509
A53: HHs fully interviewed | C53: 1592 | D53: 592 | E53: 1000 | F53: 99 | G53: 284 | H53: 209 | I53: 133 | J53: 395 | K53: 472
A54: HHs reached but not fully interviewed | C54: 2 | D54: 1 | E54: 1 | F54: 0 | G54: 0 | H54: 1 | I54: 1 | J54: 0 | K54: 0
A55: HHs refused | C55: 2 | D55: 0 | E55: 2 | F55: 0 | G55: 0 | H55: 0 | I55: 0 | J55: 1 | K55: 1
A56: HHs unable to reach | C56: 107 | D56: 25 | E56: 82 | F56: 3 | G56: 12 | H56: 10 | I56: 14 | J56: 32 | K56: 36

Sheet Metadata2
A1: Table 0.2: Contact Rate
B2: Average # per HH | C2: % of Total HHs
A3: Calls made - all HHs | B3: 3.8482697 | D3: Round 1
A4: Calls made, HHs interviewed | B4: 3.1298327 | C4: 76.885537
A5: Calls made, HHs refused | B5: 4.2 | C5: 0.44365572
A6: Calls made, no contact | B6: 6.4640523 | C6: 20.363798
A7: Calls made, other non-response | B7: 4.6346154 | C7: 2.3070098
A9: Calls made - all HHs | B9: 3.178716 | C9: 95.315211 | D9: Round 2
A10: Calls made, HHs interviewed | B10: 2.7870146 | C10: 0.4048583
A11: Calls made, HHs refused | B11: 2.8571429 | C11: 4.1642568
A12: Calls made, no contact | B12: 12.125 | C12: 0.1156738
A13: Calls made, other non-response
A15: Calls made - all HHs | B15: 3.1354651 | C15: 94.476744 | D15: Round 3
A16: Calls made, HHs interviewed | B16: 2.7470769 | C16: 0.63953488
A17: Calls made, HHs refused | B17: 4.6363636 | C17: 4.5930233
A18: Calls made, no contact | B18: 10.822785 | C18: 0.29069767
A19: Calls made, other non-response
A21: Calls made - all HHs | B21: 2.7627417 | C21: 94.727592 | D21: Round 4
A22: Calls made, HHs interviewed | B22: 2.4291899 | C22: 0.17574692
A23: Calls made, HHs refused | B23: 8.6666667 | C23: 4.8623316
A24: Calls made, no contact | B24: 9.0843373 | C24: 0.23432923
A25: Calls made, other non-response
A27: Calls made - all HHs | B27: 3.0774648 | C27: 93.251174 | D27: Round 5
A28: Calls made, HHs interviewed | B28: 2.6236627 | C28: 0.058685446
A29: Calls made, HHs refused | B29: 11 | C29: 6.2206573
A30: Calls made, no contact | B30: 9.5283019 | C30: 0.46948357
A31: Calls made, other non-response
A33: Calls made - all HHs | B33: 3.3129771 | C33: 93.59953 | D33: Round 6
A34: Calls made, HHs interviewed | B34: 2.718946 | C34: 0.11743981
A35: Calls made, HHs refused | B35: 7.5 | C35: 5.6958309
A36: Calls made, no contact | B36: 12.226804 | C36: 0.58719906
A37: Calls made, other non-response
A38: Back to Table of Contents

Sheet Figure1
A1: Number of Attempts | B1: Reached | C1: Not reached | D1: Reached | E1: Not Reached
A2: 1 | B2: 649 | C2: 166 | D2: =B2/SUM($B$2:$B$21) -> 0.37234653 | E2: =C2/SUM($C$2:$C$21) -> 0.16242661 | F2: Round 1
A3: 2 | B3: 323 | C3: 134 | D3: =B3/SUM($B$2:$B$36) -> 0.095477387 | E3: =C3/SUM($C$2:$C$36) -> 0.11921708
A4: 3 | B4: 225 | C4: 62 | D4: =B4/SUM($B$2:$B$36) -> 0.066509016 | E4: =C4/SUM($C$2:$C$36) -> 0.055160142
A5: 4 | B5: 169 | C5: 92 | D5: =B5/SUM($B$2:$B$36) -> 0.049955661 | E5: =C5/SUM($C$2:$C$36) -> 0.081850534
A6: 5 | B6: 117 | C6: 94 | D6: =B6/SUM($B$2:$B$36) -> 0.034584688 | E6: =C6/SUM($C$2:$C$36) -> 0.083629893
A7: 6 | B7: 78 | C7: 76 | D7: =B7/SUM($B$2:$B$36) -> 0.023056459 | E7: =C7/SUM($C$2:$C$36) -> 0.067615658
A8: 7 | B8: 45 | C8: 42 | D8: =B8/SUM($B$2:$B$36) -> 0.013301803 | E8: =C8/SUM($C$2:$C$36) -> 0.037366548
A9: 8 | B9: 35 | C9: 56 | D9: =B9/SUM($B$2:$B$36) -> 0.010345847 | E9: =C9/SUM($C$2:$C$36) -> 0.049822064
A10: 9 | B10: 27 | C10: 32 | D10: =B10/SUM($B$2:$B$36) -> 0.0079810819 | E10: =C10/SUM($C$2:$C$36) -> 0.028469751
A11: 10 | B11: 25 | C11: 86 | D11: =B11/SUM($B$2:$B$36) -> 0.0073898906 | E11: =C11/SUM($C$2:$C$36) -> 0.076512456
A12: 11 | B12: 19 | C12: 38 | D12: =B12/SUM($B$2:$B$36) -> 0.0056163169 | E12: =C12/SUM($C$2:$C$36) -> 0.033807829
A13: 12 | B13: 6 | C13: 28 | D13: =B13/SUM($B$2:$B$36) -> 0.0017735738 | E13: =C13/SUM($C$2:$C$36) -> 0.024911032
A14: 13 | B14: 8 | C14: 28 | D14: =B14/SUM($B$2:$B$36) -> 0.002364765 | E14: =C14/SUM($C$2:$C$36) -> 0.024911032
... A21: 20 | B21: 6 | C21: 24 | D21: =B21/SUM($B$2:$B$36) -> 0.0017735738 | E21: =C21/SUM($C$2:$C$36) -> 0.021352313
A22: Number of Attempts | B22: Reached | C22: Not reached | D22: Reached | E22: Not Reached
A23: 1 | B23: 688 | C23: 4 | D23: =B23/SUM($B$23:$B$41) -> 0.41570997 | E23: =C23/SUM($C$23:$C$41) -> 0.027027027 | F23: Round 2
A24: 2 | B24: 370 | C24: 0 | D24: =B24/SUM($B$2:$B$36) -> 0.10937038 | E24: =C24/SUM($C$2:$C$36) -> 0
A25: 3 | B25: 197 | C25: 0 | D25: =B25/SUM($B$2:$B$36) -> 0.058232338 | E25: =C25/SUM($C$2:$C$36) -> 0
A26: 4 | B26: 128 | C26: 12 | D26: =B26/SUM($B$2:$B$36) -> 0.03783624 | E26: =C26/SUM($C$2:$C$36) -> 0.010676157
A27: 5 | B27: 81 | C27: 0 | D27: =B27/SUM($B$2:$B$36) -> 0.023943246 | E27: =C27/SUM($C$2:$C$36) -> 0
A28: 6 | B28: 63 | C28: 10 | D28: =B28/SUM($B$2:$B$36) -> 0.018622524 | E28: =C28/SUM($C$2:$C$36) -> 0.0088967972
A29: 7 | B29: 28 | C29: 8 | D29: =B29/SUM($B$2:$B$36) -> 0.0082766775 | E29: =C29/SUM($C$2:$C$36) -> 0.0071174377
A30: 8 | B30: 25 | C30: 4 | D30: =B30/SUM($B$2:$B$36) -> 0.0073898906 | E30: =C30/SUM($C$2:$C$36) -> 0.0035587189
A31: 9 | B31: 18 | C31: 14 | D31: =B31/SUM($B$2:$B$36) -> 0.0053207213 | E31: =C31/SUM($C$2:$C$36) -> 0.012455516
A32: 10 | B32: 16 | C32: 10 | D32: =B32/SUM($B$2:$B$36) -> 0.00472953 | E32: =C32/SUM($C$2:$C$36) -> 0.0088967972
A33: 11 | B33: 8 | C33: 10 | D33: =B33/SUM($B$2:$B$36) -> 0.002364765 | E33: =C33/SUM($C$2:$C$36) -> 0.0088967972
A34: 12 | B34: 14 | C34: 10 | D34: =B34/SUM($B$2:$B$36) -> 0.0041383388 | E34: =C34/SUM($C$2:$C$36) -> 0.0088967972
A35: 13 | B35: 1 | C35: 10 | D35: =B35/SUM($B$2:$B$36) -> 0.00029559563 | E35: =C35/SUM($C$2:$C$36) -> 0.0088967972
... A41: 20 | B41: 6 | C41: 18 | D41: =B41/SUM($B$2:$B$36) -> 0.0017735738 | E41: =C41/SUM($C$2:$C$36) -> 0.016014235
A42: Number of Attempts | B42: Reached | C42: Not reached | D42: Reached | E42: Not Reached
A43: 1 | B43: 674 | C43: 2 | D43: =B43/SUM($B$43:$B$62) -> 0.41198044 | E43: =C43/SUM($C$43:$C$62) -> 0.011904762 | F43: Round 3
A44: 2 | B44: 371 | C44: 8 | D44: =B44/SUM($B$2:$B$36) -> 0.10966598 | E44: =C44/SUM($C$2:$C$36) -> 0.0071174377
A45: 3 | B45: 235 | C45: 14 | D45: =B45/SUM($B$2:$B$36) -> 0.069464972 | E45: =C45/SUM($C$2:$C$36) -> 0.012455516
A46: 4 | B46: 108 | C46: 0 | D46: =B46/SUM($B$2:$B$36) -> 0.031924328 | E46: =C46/SUM($C$2:$C$36) -> 0
A47: 5 | B47: 68 | C47: 16 | D47: =B47/SUM($B$2:$B$36) -> 0.020100503 | E47: =C47/SUM($C$2:$C$36) -> 0.014234875
A48: 6 | B48: 44 | C48: 10 | D48: =B48/SUM($B$2:$B$36) -> 0.013006208 | E48: =C48/SUM($C$2:$C$36) -> 0.0088967972
A49: 7 | B49: 47 | C49: 18 | D49: =B49/SUM($B$2:$B$36) -> 0.013892994 | E49: =C49/SUM($C$2:$C$36) -> 0.016014235
A50: 8 | B50: 14 | C50: 2 | D50: =B50/SUM($B$2:$B$36) -> 0.0041383388 | E50: =C50/SUM($C$2:$C$36) -> 0.0017793594
A51: 9 | B51: 16 | C51: 14 | D51: =B51/SUM($B$2:$B$36) -> 0.00472953 | E51: =C51/SUM($C$2:$C$36) -> 0.012455516
A52: 10 | B52: 16 | C52: 10 | D52: =B52/SUM($B$2:$B$36) -> 0.00472953 | E52: =C52/SUM($C$2:$C$36) -> 0.0088967972
A53: 11 | B53: 7 | C53: 6 | D53: =B53/SUM($B$2:$B$36) -> 0.0020691694 | E53: =C53/SUM($C$2:$C$36) -> 0.0053380783
A54: 12 | B54: 5 | C54: 6 | D54: =B54/SUM($B$2:$B$36) -> 0.0014779781 | E54: =C54/SUM($C$2:$C$36) -> 0.0053380783
A55: 13 | B55: 8 | C55: 12 | D55: =B55/SUM($B$2:$B$36) -> 0.002364765 | E55: =C55/SUM($C$2:$C$36) -> 0.010676157
... A62: 20 | B62: 3 | C62: 18 | D62: =B62/SUM($B$2:$B$36) -> 0.00088678688 | E62: =C62/SUM($C$2:$C$36) -> 0.016014235
A63: Number of Attempts | B63: Reached | C63: Not reached | D63: Reached | E63: Not Reached
A64: 0 | B64: 0 | C64: 1 | D64: =B64/SUM($B$64:$B$84) -> 0 | E64: =C64/SUM($C$64:$C$84) -> 0.011494253 | F64: Round 4
A65: 1 | B65: 778 | C65: 3 | D65: =B65/SUM($B$64:$B$84) -> 0.48024691 | E65: =C65/SUM($C$64:$C$84) -> 0.034482759
A66: 2 | B66: 362 | C66: 2 | D66: =B66/SUM($B$64:$B$84) -> 0.22345679 | E66: =C66/SUM($C$64:$C$84) -> 0.022988506
A67: 3 | B67: 189 | C67: 3 | D67: =B67/SUM($B$64:$B$84) -> 0.11666667 | E67: =C67/SUM($C$64:$C$84) -> 0.034482759
A68: 4 | B68: 107 | C68: 10 | D68: =B68/SUM($B$64:$B$84) -> 0.066049383 | E68: =C68/SUM($C$64:$C$84) -> 0.11494253
A69: 5 | B69: 58 | C69: 2 | D69: =B69/SUM($B$64:$B$84) -> 0.035802469 | E69: =C69/SUM($C$64:$C$84) -> 0.022988506
A70: 6 | B70: 25 | C70: 9 | D70: =B70/SUM($B$64:$B$84) -> 0.015432099 | E70: =C70/SUM($C$64:$C$84) -> 0.10344828
A71: 7 | B71: 29 | C71: 11 | D71: =B71/SUM($B$64:$B$84) -> 0.017901235 | E71: =C71/SUM($C$64:$C$84) -> 0.12643678
A72: 8 | B72: 11 | C72: 7 | D72: =B72/SUM($B$64:$B$84) -> 0.0067901235 | E72: =C72/SUM($C$64:$C$84) -> 0.08045977
A73: 9 | B73: 16 | C73: 4 | D73: =B73/SUM($B$64:$B$84) -> 0.0098765432 | E73: =C73/SUM($C$64:$C$84) -> 0.045977011
A74: 10 | B74: 8 | C74: 7 | D74: =B74/SUM($B$64:$B$84) -> 0.0049382716 | E74: =C74/SUM($C$64:$C$84) -> 0.08045977
A75: 11 | B75: 8 | C75: 6 | D75: =B75/SUM($B$64:$B$84) -> 0.0049382716 | E75: =C75/SUM($C$64:$C$84) -> 0.068965517
A76: 12 | B76: 5 | C76: 3 | D76: =B76/SUM($B$64:$B$84) -> 0.0030864198 | E76: =C76/SUM($C$64:$C$84) -> 0.034482759
... A84: 20 | B84: 1 | C84: 2 | D84: =B84/SUM($B$64:$B$84) -> 0.00061728395 | E84: =C84/SUM($C$64:$C$84) -> 0.022988506
A85: Number of Attempts | B85: Reached | C85: Not reached | D85: Reached | E85: Not Reached
A86: 0 | B86: 0 | C86: 3 | D86: =B86/SUM($B$64:$B$84) -> 0 | E86: =C86/SUM($C$64:$C$84) -> 0.034482759 | F86: Round 5
A87: 1 | B87: 702 | C87: 6 | D87: =B87/SUM($B$64:$B$84) -> 0.43333333 | E87: =C87/SUM($C$64:$C$84) -> 0.068965517
A88: 2 | B88: 378 | C88: 3 | D88: =B88/SUM($B$64:$B$84) -> 0.23333333 | E88: =C88/SUM($C$64:$C$84) -> 0.034482759
A89: 3 | B89: 171 | C89: 4 | D89: =B89/SUM($B$64:$B$84) -> 0.10555556 | E89: =C89/SUM($C$64:$C$84) -> 0.045977011
A90: 4 | B90: 110 | C90: 5 | D90: =B90/SUM($B$64:$B$84) -> 0.067901235 | E90: =C90/SUM($C$64:$C$84) -> 0.057471264
A91: 5 | B91: 69 | C91: 8 | D91: =B91/SUM($B$64:$B$84) -> 0.042592593 | E91: =C91/SUM($C$64:$C$84) -> 0.091954023
A92: 6 | B92: 42 | C92: 14 | D92: =B92/SUM($B$64:$B$84) -> 0.025925926 | E92: =C92/SUM($C$64:$C$84) -> 0.16091954
A93: 7 | B93: 35 | C93: 9 | D93: =B93/SUM($B$64:$B$84) -> 0.021604938 | E93: =C93/SUM($C$64:$C$84) -> 0.10344828
A94: 8 | B94: 13 | C94: 5 | D94: =B94/SUM($B$64:$B$84) -> 0.0080246914 | E94: =C94/SUM($C$64:$C$84) -> 0.057471264
A95: 9 | B95: 17 | C95: 5 | D95: =B95/SUM($B$64:$B$84) -> 0.010493827 | E95: =C95/SUM($C$64:$C$84) -> 0.057471264
A96: 10 | B96: 17 | C96: 9 | D96: =B96/SUM($B$64:$B$84) -> 0.010493827 | E96: =C96/SUM($C$64:$C$84) -> 0.10344828
A97: 11 | B97: 10 | C97: 5 | D97: =B97/SUM($B$64:$B$84) -> 0.0061728395 | E97: =C97/SUM($C$64:$C$84) -> 0.057471264
A98: 12 | B98: 7 | C98: 7 | D98: =B98/SUM($B$64:$B$84) -> 0.0043209877 | E98: =C98/SUM($C$64:$C$84) -> 0.08045977
... A106: 20 | B106: 4 | C106: 7 | D106: =B106/SUM($B$64:$B$84) -> 0.0024691358 | E106: =C106/SUM($C$64:$C$84) -> 0.08045977
A107: Number of Attempts | B107: Reached | C107: Not reached | D107: Reached | E107: Not Reached
A108: 0 | B108: 0 | C108: 1 | D108: =B108/SUM($B$64:$B$84) -> 0 | E108: =C108/SUM($C$64:$C$84) -> 0.011494253 | F108: Round 6
A109: 1 | B109: 696 | C109: 2 | D109: =B109/SUM($B$64:$B$84) -> 0.42962963 | E109: =C109/SUM($C$64:$C$84) -> 0.022988506
A110: 2 | B110: 344 | C110: 0 | D110: =B110/SUM($B$64:$B$84) -> 0.21234568 | E110: =C110/SUM($C$64:$C$84) -> 0
A111: 3 | B111: 215 | C111: 1 | D111: =B111/SUM($B$64:$B$84) -> 0.13271605 | E111: =C111/SUM($C$64:$C$84) -> 0.011494253
A112: 4 | B112: 108 | C112: 6 | D112: =B112/SUM($B$64:$B$84) -> 0.066666667 | E112: =C112/SUM($C$64:$C$84) -> 0.068965517
A113: 5 | B113: 63 | C113: 3 | D113: =B113/SUM($B$64:$B$84) -> 0.038888889 | E113: =C113/SUM($C$64:$C$84) -> 0.034482759
A114: 6 | B114: 46 | C114: 9 | D114: =B114/SUM($B$64:$B$84) -> 0.028395062 | E114: =C114/SUM($C$64:$C$84) -> 0.10344828
A115: 7 | B115: 22 | C115: 7 | D115: =B115/SUM($B$64:$B$84) -> 0.013580247 | E115: =C115/SUM($C$64:$C$84) -> 0.08045977
A116: 8 | B116: 26 | C116: 9 | D116: =B116/SUM($B$64:$B$84) -> 0.016049383 | E116: =C116/SUM($C$64:$C$84) -> 0.10344828
A117: 9 | B117: 15 | C117: 3 | D117: =B117/SUM($B$64:$B$84) -> 0.0092592593 | E117: =C117/SUM($C$64:$C$84) -> 0.034482759
A118: 10 | B118: 13 | C118: 3 | D118: =B118/SUM($B$64:$B$84) -> 0.0080246914 | E118: =C118/SUM($C$64:$C$84) -> 0.034482759
A119: 11 | B119: 11 | C119: 6 | D119: =B119/SUM($B$64:$B$84) -> 0.0067901235 | E119: =C119/SUM($C$64:$C$84) -> 0.068965517
A120: 12 | B120: 10 | C120: 5 | D120: =B120/SUM($B$64:$B$84) -> 0.0061728395 | E120: =C120/SUM($C$64:$C$84) -> 0.057471264
... A128: 20 | B128: 7 | C128: 15 | D128: =B128/SUM($B$64:$B$84) -> 0.0043209877 | E128: =C128/SUM($C$64:$C$84) -> 0.17241379
A129: Back to Table of Contents

Sheet Figure2
T1: Total time spent in all sections for complete interviews (minutes)
B2: Duration | U2: All sections | V2: Crop Production and Sales | W2: Livestock | X2: Credit | Y2: Concerns | Z2: Income_Loss | AA2: Other Income | AB2: Non-Farm Ent | AC2: Employment_New | AD2: Employment_Old | AE2: Access | AF2: Behaviour | AG2: Household Roster
A3: Mean | B3: 13.664616 | T3: Mean | U3: 13.664616 | V3: 0.54679249 | W3: 0.31186056 | X3: 0.43255886 | Y3: 0.97297604 | Z3: 0.86888545 | AA3: 0.37001649 | AB3: 0.70645329 | AC3: 0.91700162 | AD3: 1.1041229 | AE3: 1.1549907 | AF3: 1.028489 | AG3: 0.41401773
A4: Median | B4: 12.783334 | O4: Note: time getting the attempts also included here | T4: Median | U4: 12.783334 | V4: 0.41666666 | W4: 0.21666667 | X4: 0.28333333 | Y4: 0.93333334 | Z4: 0.85000002 | AA4: 0.36666667 | AB4: 0.60000002 | AC4: 0.9083333 | AD4: 1.0666667 | AE4: 1.1333333 | AF4: 1 | AG4: 0.31666666
A5: Min | B5: 1.6166667 | O5: Add: actual interviewing time after getting consent | T5: Min | U5: 1.6166667 | V5: 0.083333336 | W5: 0.033333335 | X5: 0.083333336 | Y5: 0.40000001 | Z5: 0.26666668 | AA5: 0.13333334 | AB5: 0.050000001 | AC5: 0.34999999 | AD5: 0.44999999 | AE5: 0.46666667 | AF5: 0.5 | AG5: 0.11666667
A6: Max | B6: 58.716667 | T6: Max | U6: 58.716667 | V6: 1.6166667 | W6: 1.1833333 | X6: 1.4666667 | Y6: 1.7333333 | Z6: 1.95 | AA6: 0.71666664 | AB6: 2.25 | AC6: 2.8166666 | AD6: 2.2 | AE6: 2.1333334 | AF6: 1.8833333 | AG6: 1.9166666
A8: Back to Table of Contents

Sheet Metadata3
A1: Table 0.3: Result of Interview
B2: OVERALL | D2: Residence
D3: Urban | F3: Rural
B4: # of households | C4: % of overall sample | D4: # of households | E4: % of urban sample | F4: # of households | G4: % of rural sample
A5: Reached | H5: Round 1
A6: Complete | B6: 1729 | C6: 73.98374 | D6: 617 | E6: 79.204108 | F6: 1112 | G6: 71.373556
A7: Partially Complete | B7: 4 | C7: 0.17115961 | D7: 3 | E7: 0.38510911 | F7: 1 | G7: 0.064184852
A8: Refused | B8: 10 | C8: 0.42789902 | D8: 7 | E8: 0.89858793 | F8: 3 | G8: 0.19255456
A9: Language barrier
A10: Not Reached
A11: Nobody answering | B11: 21 | C11: 0.89858793 | D11: 9 | E11: 1.1553273 | F11: 12 | G11: 0.77021823
A12: Number does not exist | B12: 54 | C12: 2.3106547 | D12: 9 | E12: 1.1553273 | F12: 45 | G12: 2.8883184
A13: Phone turned off | B13: 467 | C13: 19.982884 | D13: 119 | E13: 15.275995 | F13: 348 | G13: 22.336329
A14: Wrong number (don't know the household) | B14: 29 | C14: 1.2409071 | D14: 6 | E14: 0.77021823 | F14: 23 | G14: 1.4762516
A15: Reference person can't connect to household | B15: 23 | C15: 0.98416774 | D15: 9 | E15: 1.1553273 | F15: 14 | G15: 0.89858793
A17: Reached | H17: Round 2
A18: Complete | B18: 1646 | C18: 95.199537 | D18: 613 | E18: 96.232339 | F18: 1033 | G18: 94.59707
A19: Partially Complete | B19: 2 | C19: 0.1156738 | D19: 1 | E19: 0.15698587 | F19: 1 | G19: 0.091575092
A20: Refused | B20: 7 | C20: 0.4048583 | D20: 4 | E20: 0.62794349 | F20: 3 | G20: 0.27472527
A21: Language barrier
A22: Not Reached
A23: Nobody answering | B23: 6 | C23: 0.3470214 | D23: 5 | E23: 0.78492936 | F23: 1 | G23: 0.091575092
A24: Number does not exist | B24: 1 | C24: 0.0578369 | D24: 0 | E24: 0 | F24: 1 | G24: 0.091575092
A25: Phone turned off | B25: 65 | C25: 3.7593985 | D25: 14 | E25: 2.1978022 | F25: 51 | G25: 4.6703297
A26: Wrong number (don't know the household)
A27: Reference person can't connect to household | B27: 2 | C27: 0.1156738 | D27: 0 | E27: 0 | F27: 2 | G27: 0.18315018
A29: Reached | H29: Round 3
A30: Complete | B30: 1624 | C30: 94.418605 | D30: 596 | E30: 94.303797 | F30: 1028 | G30: 94.485294
A31: Partially Complete | B31: 1 | C31: 0.058139535 | D31: 1 | E31: 0.15822785 | F31: 0 | G31: 0
A32: Refused | B32: 11 | C32: 0.63953488 | D32: 8 | E32: 1.2658228 | F32: 3 | G32: 0.27573529
A33: Language barrier
A34: Not Reached
A35: Nobody answering | B35: 9 | C35: 0.52325581 | D35: 7 | E35: 1.1075949 | F35: 2 | G35: 0.18382353
A36: Number does not exist
A37: Phone turned off | B37: 70 | C37: 4.0697674 | D37: 18 | E37: 2.8481013 | F37: 52 | G37: 4.7794118
A38: Wrong number (don't know the household)
A39: Reference person can't connect to household | B39: 5 | C39: 0.29069767 | D39: 2 | E39: 0.3164557 | F39: 3 | G39: 0.27573529
A41: Reached | H41: Round 4
A42: Complete | B42: 1616 | C42: 94.66901 | D42: 596 | E42: 95.819936 | F42: 1020 | G42: 94.009217
A43: Partially Complete | B43: 1 | C43: 0.058582308 | D43: 0 | E43: 0 | F43: 1 | G43: 0.092165899
A44: Refused | B44: 3 | C44: 0.17574692 | D44: 3 | E44: 0.48231511 | F44: 0 | G44: 0
A45: Language barrier
A46: Not Reached
A47: Nobody answering | B47: 4 | C47: 0.23432923 | D47: 4 | E47: 0.64308682 | F47: 0 | G47: 0
A48: Number does not exist
A49: Phone turned off | B49: 79 | C49: 4.6280023 | D49: 19 | E49: 3.0546624 | F49: 60 | G49: 5.5299539
A50: Wrong number (don't know the household)
A51: Reference person can't connect to household | B51: 4 | C51: 0.23432923 | D51: 0 | E51: 0 | F51: 4 | G51: 0.36866359
A53: Reached | H53: Round 5
A54: Complete | B54: 1589 | C54: 93.251174 | D54: 584 | E54: 94.345719 | F54: 1005 | G54: 92.626728
A55: Partially Complete | B55: 1 | C55: 0.058685446 | D55: 1 | E55: 0.16155089 | F55: 0 | G55: 0
A56: Refused | B56: 11 | C56: 0.64553991 | D56: 7 | E56: 1.1308562 | F56: 4 | G56: 0.36866359
A57: Language barrier
A58: Not Reached
A59: Nobody answering | B59: 1 | C59: 0.058685446 | D59: 0 | E59: 0 | F59: 1 | G59: 0.092165899
A60: Number does not exist
A61: Phone turned off
A62: Wrong number (don't know the household) | B62: 94 | C62: 5.5164319 | D62: 24 | E62: 3.8772213 | F62: 70 | G62: 6.4516129
A63: Reference person can't connect to household | B63: 8 | C63: 0.46948357 | D63: 3 | E63: 0.48465267 | F63: 5 | G63: 0.46082949
A65: Reached | H65: Round 6
A66: Complete | B66: 1592 | C66: 93.48209 | D66: 592 | E66: 95.79288 | F66: 1000 | G66: 92.165899
A67: Partially Complete | B67: 2 | C67: 0.11743981 | D67: 1 | E67: 0.1618123 | F67: 1 | G67: 0.092165899
A68: Refused | B68: 2 | C68: 0.11743981 | D68: 0 | E68: 0 | F68: 2 | G68: 0.1843318
A69: Language barrier
A70: Not Reached
A71: Nobody answering | B71: 6 | C71: 0.35231944 | D71: 4 | E71: 0.64724919 | F71: 2 | G71: 0.1843318
A72: Number does not exist
A73: Phone turned off | B73: 91 | C73: 5.3435115 | D73: 18 | E73: 2.9126214 | F73: 73 | G73: 6.7281106
A74: Wrong number (don't know the household)
A75: Reference person can't connect to household | B75: 10 | C75: 0.58719906 | D75: 3 | E75: 0.48543689 | F75: 7 | G75: 0.64516129
A76: Back to Table of Contents

Sheet Metadata4
A1: Table 0.4: Language of interivew
B2: Round 1 | C2: Round 2 | D2: Round 3 | E2: Round 4 | F2: Round 5 | G2: Round 6
B3: % of Interviews | C3: % of Interviews | D3: % of Interviews | E3: % of Interviews | F3: % of Interviews | G3: % of Interviews
A4: Chewa | B4: 88.37 | C4: 88.274605 | D4: 88.485222 | E4: 89.108911 | F4: 89.616111 | G4: 89.384422
A5: Nyanja | B5: 0.29 | C5: 0.91130012 | D5: 0 | E5: 0.12376238 | F5: 0.062932662 | G5: 0.12562814
A6: Yao | B6: 3.64 | C6: 3.6452005 | D6: 4.0640394 | E6: 3.960396 | F6: 4.468219 | G6: 4.3969849
A7: Tumbuka | B7: 5.32 | C7: 4.3134872 | D7: 5.0492611 | E7: 4.3316832 | F7: 3.6500944 | G7: 3.7688442
A8: Lhomwe | B8: 0 | C8: 0.060753341 | D8: 0 | E8: 0.061881188 | F8: 0 | G8: 0
A9: Nkhonde | B9: 0 | C9: 0 | D9: 0.061576355 | E9: 0 | F9: 0 | G9: 0
A10: Ngoni | B10: 0 | C10: 0.060753341 | D10: 0 | E10: 0 | F10: 0 | G10: 0
A11: Sena | B11: 0.06 | C11: 0 | D11: 0 | E11: 0 | F11: 0 | G11: 0
A12: Nyakyusa | B12: 0 | C12: 0 | D12: 0 | E12: 0.061881188 | F12: 0 | G12: 0
A13: Tonga | B13: 2.2 | C13: 2.5516403 | D13: 2.2783251 | E13: 2.3514851 | F13: 2.2026432 | G13: 2.1984925
A14: Lambya | B14: 0.06 | C14: 0 | D14: 0 | E14: 0 | F14: 0 | G14: 0
A15: Senga | B15: 0 | C15: 0 | D15: 0 | E15: 0 | F15: 0 | G15: 0
... A18: Other | B18: 0 | C18: 0 | D18: 0 | E18: 0 | F18: 0 | G18: 0
A19: Back to Table of Contents

Sheet Metadata5
A1: Table 0.5: Sample Composition*
B2: Round 1 | F2: Round 2 | J2: Round 3 | N2: Round 4 | R2: Round 5 | V2: Round 6
A3: Characteristic | B3: IHPS | D3: Phone sample | F3: IHPS | H3: Phone sample | J3: IHPS | L3: Phone sample | N3: IHPS | P3: Phone sample | R3: IHPS | T3: Phone sample | V3: IHPS | X3: Phone sample
B4: Unweighted | C4: Weighted | D4: Unweighted | E4: Weighted | F4: Unweighted | G4: Weighted | H4: Unweighted | I4: Weighted | J4: Unweighted | K4: Weighted | L4: Unweighted | M4: Weighted | N4: Unweighted | O4: Weighted | P4: Unweighted | Q4: Weighted | R4: Unweighted | S4: Weighted | T4: Unweighted | U4: Weighted | V4: Unweighted | W4: Weighted | X4: Unweighted | Y4: Weighted
A5: Sample size (successful interviews) | B5: 1724 | D5: 1640 | F5: 1720 | H5: 1616 | J5: 1720 | L5: 1624 | N5: 1707 | P5: 1616 | R5: 1704 | T5: 1589 | V5: 1703 | X5: 1592
A6: Average household size | B6: 4.7900232 | C6: 5.0684351 | D6: 4.8189024 | E6: 4.997087 | F6: 4.7843023 | G6: 5.0789827 | H6: 4.7939356 | I6: 4.975215 | J6: 4.7843023 | K6: 5.0789827 | L6: 4.7906404 | M6: 4.9823075 | N6: 4.7791447 | O6: 5.0792691 | P6: 4.8007426 | Q6: 5.1297538 | R6: 4.7775822 | S6: 5.0783476 | T6: 4.7967275 | U6: 5.1290004 | V6: 4.7774516 | W6: 5.0783616 | X6: 4.8140704 | Y6: 5.1214573
A7: Household head characteristics
A8: Female head (%) | B8: 21.925754 | C8: 25.329604 | D8: 21.646341 | E8: 29.432854 | F8: 22.151163 | G8: 25.08563 | H8: 21.967822 | I8: 29.375436 | J8: 22.151163 | K8: 25.08563 | L8: 22.044335 | M8: 29.909655 | N8: 22.144112 | O8: 25.251795 | P8: 21.720297 | Q8: 24.731631 | R8: 22.183099 | S8: 25.281482 | T8: 21.585903 | U8: 24.357697 | V8: 22.196124 | W8: 25.285995 | X8: 21.482412 | Y8: 25.130702
A9: Age | B9: 41.837587 | C9: 45.532897 | D9: 41.971341 | E9: 45.888494 | F9: 41.756977 | G9: 45.229743 | H9: 41.918317 | I9: 45.591022 | J9: 41.756977 | K9: 45.229743 | L9: 41.968596 | M9: 45.637347 | N9: 41.750439 | O9: 45.242973 | P9: 41.918936 | Q9: 44.584192 | R9: 41.759977 | S9: 45.251669 | T9: 41.864695 | U9: 44.406122 | V9: 41.761597 | W9: 45.252785 | X9: 41.837312 | Y9: 44.193056
A10: Literate (%) | B10: 88.457077 | C10: 84.118467 | D10: 88.841463 | E10: 77.583815 | F10: 88.372093 | G10: 83.696421 | H10: 88.923267 | I10: 76.692244 | J10: 88.372093 | K10: 83.696421 | L10: 88.916256 | M10: 76.768567 | N10: 88.400703 | O10: 83.603526 | P10: 88.861386 | Q10: 83.328961 | R10: 88.380282 | S10: 83.58425 | T10: 88.923851 | U10: 83.955804 | V10: 88.373459 | W10: 83.581319 | X10: 88.693467 | Y10: 83.590775
A11: Asset ownership
A12: Mobile phone | B12: 88.63109 | C12: 86.717826 | D12: 89.207317 | E12: 80.606308 | F12: 88.488372 | G12: 86.662451 | H12: 88.985149 | I12: 80.284525 | J12: 88.488372 | K12: 86.662451 | L12: 88.85468 | M12: 79.732412 | N12: 88.400703 | O12: 86.549379 | P12: 88.923267 | Q12: 87.421965 | R12: 88.380282 | S12: 86.533566 | T12: 89.112649 | U12: 87.889638 | V12: 88.373459 | W12: 86.531162 | X12: 88.944724 | Y12: 87.552256
A13: Television | B13: 27.4942 | C13: 24.69082 | D13: 28.109756 | E13: 17.548778 | F13: 27.325581 | G13: 23.993018 | H13: 27.908416 | I13: 16.903102 | J13: 27.325581 | K13: 23.993018 | L13: 27.832512 | M13: 16.495668 | N13: 27.123609 | O13: 23.887524 | P13: 27.846535 | Q13: 22.652362 | R13: 27.053991 | S13: 23.815844 | T13: 28.005035 | U13: 23.051821 | V13: 27.011157 | W13: 23.802244 | X13: 27.889447 | Y13: 22.799407
A14: Refrigerator | B14: 14.849188 | C14: 13.302656 | D14: 15.121951 | E14: 8.7947551 | F14: 14.534884 | G14: 12.929688 | H14: 14.542079 | I14: 8.1999123 | J14: 14.534884 | K14: 12.929688 | L14: 14.53202 | M14: 7.95135 | N14: 14.294083 | O14: 12.450128 | P14: 14.851485 | Q14: 10.531312 | R14: 14.260563 | S14: 12.381102 | T14: 14.789176 | U14: 10.703662 | V14: 14.268937 | W14: 12.383312 | X14: 15.012563 | Y14: 10.768639
A15: Car | B15: 5.6264501 | C15: 4.5346533 | D15: 5.7926829 | E15: 3.116501 | F15: 5.4651163 | G15: 4.1108975 | H15: 5.4455446 | I15: 2.5641527 | J15: 5.4651163 | K15: 4.1108975 | L15: 5.4187192 | M15: 2.5020414 | N15: 5.2138254 | O15: 3.6264372 | P15: 5.3836634 | Q15: 3.1767905 | R15: 5.2230047 | S15: 3.6307006 | T15: 5.3492763 | U15: 3.1261636 | V15: 5.2260716 | W15: 3.6313488 | X15: 5.4020101 | Y15: 3.2149291
A16: Generator | B16: 2.0301624 | C16: 1.7620946 | D16: 2.0731707 | E16: 1.1787592 | F16: 1.9767442 | G16: 1.4187793 | H16: 1.980198 | I16: 0.95770834 | J16: 1.9767442 | K16: 1.4187793 | L16: 1.9704433 | M16: 0.96599145 | N16: 1.9332162 | O16: 1.2637521 | P16: 1.980198 | Q16: 1.5412797 | R16: 1.8779343 | S16: 1.1815744 | T16: 2.0138452 | U16: 1.6426825 | V16: 1.879037 | W16: 1.1817854 | X16: 2.0100503 | Y16: 1.6189995
A17: IHPS PCA Index Based Wealth Quintiles
A18: Q1 | B18: 7.8306265 | C18: 6.685713 | D18: 7.195122 | E18: 13.461091 | F18: 7.9069767 | G18: 7.6649704 | H18: 7.6732673 | I18: 14.678958 | J18: 7.9069767 | K18: 7.6649704 | L18: 7.6970443 | M18: 15.314809 | N18: 7.8500293 | O18: 7.5633686 | P18: 7.6732673 | Q18: 9.131935 | R18: 7.8638498 | S18: 7.5722606 | T18: 7.4260541 | U18: 8.8610874 | V18: 7.8684674 | W18: 7.5736123 | X18: 7.3492462 | Y18: 8.7719116
A19: Q2 | B19: 13.689095 | C19: 13.254784 | D19: 13.170732 | E19: 17.588921 | F19: 13.72093 | G19: 14.713925 | H19: 12.809406 | I19: 17.662268 | J19: 13.72093 | K19: 14.713925 | L19: 12.807882 | M19: 18.123671 | N19: 13.825425 | O19: 14.838665 | P19: 13.180693 | Q19: 14.970175 | R19: 13.849765 | S19: 14.85611 | T19: 12.712398 | U19: 13.973946 | V19: 13.857898 | W19: 14.858762 | X19: 13.190955 | Y19: 14.739325
A20: Q3 | B20: 20.765661 | C20: 23.246193 | D20: 20.609756 | E20: 25.589547 | F20: 20.813953 | G20: 22.429545 | H20: 20.730198 | I20: 25.485923 | J20: 20.813953 | K20: 22.429545 | L20: 20.751232 | M20: 24.858979 | N20: 20.913884 | O20: 22.593711 | P20: 20.668317 | Q20: 24.577983 | R20: 20.950704 | S20: 22.620274 | T20: 21.019509 | U20: 24.610944 | V20: 20.963006 | W20: 22.624312 | X20: 20.665829 | Y20: 23.907608
A21: Q4 | B21: 26.740139 | C21: 28.613408 | D21: 27.134146 | E21: 23.400861 | F21: 26.802326 | G21: 27.932176 | H21: 27.413366 | I21: 23.438476 | J21: 26.802326 | K21: 27.932176 | L21: 27.401478 | M21: 23.401048 | N21: 26.947862 | O21: 28.149639 | P21: 26.856436 | Q21: 26.854996 | R21: 26.93662 | S21: 28.166633 | T21: 27.18691 | U21: 28.177337 | V21: 26.952437 | W21: 28.171661 | X21: 27.072864 | Y21: 28.410325
A22: Q5 | B22: 30.974478 | C22: 28.199902 | D22: 31.890244 | E22: 19.959582 | F22: 30.755814 | G22: 27.259383 | H22: 31.373762 | I22: 18.734376 | J22: 30.755814 | K22: 27.259383 | L22: 31.342365 | M22: 18.301493 | N22: 30.4628 | O22: 26.854616 | P22: 31.621287 | Q22: 24.46491 | R22: 30.399061 | S22: 26.784722 | T22: 31.655129 | U22: 24.376686 | V22: 30.358191 | W22: 26.771653 | X22: 31.721106 | Y22: 24.17083
A23: * Based on information from the IHPS only.
A24: Back to Table of Contents

Sheet Basic_Info1
A1: Table 1.1. Respondent Characteristics - AGE & SEX
B2: Number of respondents | C2: % of respondents | D2: By Sex
D3: Male respondents | E3: Female respondents
A4: Median age of respondents | B4: 37 | D4: 38 | E4: 36 | F4: Round 1
A5: 15-24 years | B5: 192 | C5: 11.104685 | D5: 9.2421442 | E5: 14.219474
A6: 25-39 years | B6: 789 | C6: 45.633314 | D6: 44.454713 | E6: 47.604328
A7: 40-49 years | B7: 351 | C7: 20.300752 | D7: 21.996303 | E7: 17.465224
A8: 50-64 years | B8: 281 | C8: 16.252169 | D8: 17.190388 | E8: 14.683153
A9: 65 years and above | B9: 116 | C9: 6.7090804 | D9: 7.116451 | E9: 6.0278207
C10: Total | D10: 1082 | E10: 647
C11: Percent | D11: 60.137642 | E11: 39.862358
A13: Median age of respondents | B13: 37 | D13: 38 | E13: 37 | F13: Round 2
A14: 15-24 years | B14: 173 | C14: 8.1325125 | D14: 7.8856454 | E14: 8.4841145
A15: 25-39 years | B15: 753 | C15: 40.162336 | D15: 36.566106 | E15: 45.28429
A16: 40-49 years | B16: 345 | C16: 24.174805 | D16: 26.404355 | E16: 20.999354
A17: 50-64 years | B17: 276 | C17: 19.113609 | D17: 20.611382 | E17: 16.980396
A18: 65 years and above | B18: 99 | C18: 8.4167377 | D18: 8.5325114 | E18: 8.2518463
C19: Total | D19: 1013 | E19: 633
C20: Percent | D20: 58.750237 | E20: 41.249763
A22: Median age of respondents | B22: 37 | D22: 38 | E22: 36.5 | F22: Round 3
A23: 15-24 years | B23: 181 | C23: 8.613324 | D23: 8.1722321 | E23: 9.1918488
A24: 25-39 years | B24: 732 | C24: 38.669214 | D24: 34.899928 | E24: 43.612913
A25: 40-49 years | B25: 345 | C25: 24.876731 | D25: 27.40696 | E25: 21.558149
A26: 50-64 years | B26: 270 | C26: 19.762117 | D26: 21.951544 | E26: 16.890521
A27: 65 years and above | B27: 94 | C27: 8.0786133 | D27: 7.5693363 | E27: 8.7465679
C28: Total | D28: 946 | E28: 678
C29: Percent | D29: 56.696135 | E29: 43.303865
A31: Median age of respondents | B31: 37 | D31: 38 | E31: 36 | F31: Round 4
A32: 15-24 years | B32: 173 | C32: 7.2023514 | D32: 6.3484631 | E32: 8.5367053
A33: 25-39 years | B33: 740 | C33: 40.921477 | D33: 37.467347 | E33: 46.319177
A34: 40-49 years | B34: 342 | C34: 25.443702 | D34: 27.354131 | E34: 22.458312
A35: 50-64 years | B35: 268 | C35: 19.422545 | D35: 20.930076 | E35: 17.066757
A36: 65 years and above | B36: 93 | C36: 7.0099247 | D36: 7.8999828 | E36: 5.619049
C37: Total | D37: 976 | E37: 640
C38: Percent | D38: 60.978348 | E38: 39.021652
A40: Median age of respondents | B40: 37 | D40: 37 | E40: 36 | F40: Round 5
A41: 15-24 years | B41: 162 | C41: 6.2172117 | D41: 5.93499 | E41: 6.6525527
A42: 25-39 years | B42: 756 | C42: 42.848881 | D42: 38.348418 | E42: 49.79107
A43: 40-49 years | B43: 327 | C43: 25.390224 | D43: 27.994239 | E43: 21.373402
A44: 50-64 years | B44: 253 | C44: 18.645534 | D44: 20.277246 | E44: 16.128537
A45: 65 years and above | B45: 91 | C45: 6.898149 | D45: 7.4451074 | E45: 6.0544383
C46: Total | D46: 951 | E46: 638
C47: Percent | D47: 60.669408 | E47: 39.330592
A49: Median age of respondents | B49: 37 | D49: 37 | E49: 37 | F49: Round 6
A50: 15-24 years | B50: 171 | C50: 7.1882346 | D50: 6.7367886 | E50: 7.8432186
A51: 25-39 years | B51: 750 | C51: 42.722907 | D51: 38.762751 | E51: 48.467751
A52: 40-49 years | B52: 328 | C52: 25.045252 | D52: 27.418805 | E52: 21.603974
A53: 50-64 years | B53: 258 | C53: 19.220518 | D53: 21.639885 | E53: 15.712574
A54: 65 years and above | B54: 85 | C54: 5.8230896 | D54: 5.44177 | E54: 6.3724827
C55: Total | D55: 947 | E55: 644
C56: Percent | D56: 59.18779 | E56: 40.81221
A57: Back to Table of Contents

Sheet Basic_Info2
A1: Table 1.2: Respondent relationship to head
B2: Number of respondents | E2: Distribution of respondents
A3: Relationship to HH Head: | B3: Total | C3: Male | D3: Female | E3: Total | F3: Male | G3: Female
A4: Head | B4: 1353 | C4: 1039 | D4: 314 | E4: 78.253326 | F4: 96.025878 | G4: 48.531685 | H4: Round 1
A5: Spouse | B5: 290 | C5: 8 | D5: 282 | E5: 16.772701 | F5: 0.73937153 | G5: 43.585781
A6: Child (own/step/adopted) | B6: 60 | C6: 23 | D6: 37 | E6: 3.470214 | F6: 2.1256932 | G6: 5.7187017
A7: Other relative | B7: 25 | C7: 11 | D7: 14 | E7: 1.4459225 | F7: 1.0166359 | G7: 2.1638331
A8: Not related | B8: 1 | C8: 1 | E8: 0.0578369 | F8: 0.092421442
A10: Head | B10: 1273 | C10: 975 | D10: 298 | E10: 78.441093 | F10: 93.987056 | G10: 56.299658 | H10: Round 2
A11: Spouse | B11: 296 | C11: 6 | D11: 290 | E11: 15.732337 | F11: 0.71366108 | G11: 37.122782
A12: Child (own/step/adopted) | B12: 48 | C12: 17 | D12: 31 | E12: 3.5452391 | F12: 2.7795163 | G12: 4.6358248
A13: Other relative | B13: 28 | C13: 14 | D13: 14 | E13: 2.2214318 | F13: 2.4178121 | G13: 1.9417359
A14: Not related | B14: 1 | C14: 1 | E14: 0.059898568 | F14: 0.1019546
A16: Head | B16: 1207 | C16: 907 | D16: 300 | E16: 76.472815 | F16: 93.74075 | G16: 53.864553 | H16: Round 3
A17: Spouse | B17: 335 | C17: 7 | D17: 328 | E17: 17.174068 | F17: 0.63615266 | G17: 38.826544
A18: Child (own/step/adopted) | B18: 59 | C18: 21 | D18: 38 | E18: 4.5323682 | F18: 3.7989095 | G18: 5.4926583
A19: Other relative | B19: 22 | C19: 10 | D19: 12 | E19: 1.7595447 | F19: 1.716238 | G19: 1.8162446
A20: Not related | B20: 1 | C20: 1 | E20: 0.061203651 | F20: 0.10795031
A22: Head | B22: 1221 | C22: 934 | D22: 287 | E22: 77.287155 | F22: 95.094477 | G22: 49.460013 | H22: Round 4
A23: Spouse | B23: 308 | C23: 8 | D23: 300 | E23: 16.772402 | F23: 0.38121055 | G23: 42.386587
A24: Child (own/step/adopted) | B24: 63 | C24: 24 | D24: 39 | E24: 4.419005 | F24: 3.3024108 | G24: 6.1638842
A25: Other relative | B25: 23 | C25: 9 | D25: 14 | E25: 1.4526235 | F25: 1.1090517 | G25: 1.9895161
A26: Not related | B26: 1 | C26: 1 | E26: 0.068813801 | F26: 0.11284957
A28: Head | B28: 1190 | C28: 910 | D28: 280 | E28: 76.639483 | F28: 95.051453 | G28: 48.238097 | H28: Round 5
A29: Spouse | B29: 314 | C29: 8 | D29: 306 | E29: 17.817785 | F29: 0.58523512 | G29: 44.399856
A30: Child (own/step/adopted) | B30: 63 | C30: 23 | D30: 40 | E30: 4.2580694 | F30: 3.0792537 | G30: 6.0764517
A31: Other relative | B31: 21 | C31: 9 | D31: 12 | E31: 1.2175305 | F31: 1.173406 | G31: 1.2855949
A32: Not related | B32: 1 | C32: 1 | E32: 0.067131942 | F32: 0.11065205
A34: Head | B34: 1184 | C34: 906 | D34: 278 | E34: 75.12857 | F34: 94.089211 | G34: 47.630955 | H34: Round 6
A35: Spouse | B35: 319 | C35: 11 | D35: 308 | E35: 18.668461 | F35: 1.3605176 | G35: 43.769254
A36: Child (own/step/adopted) | B36: 63 | C36: 21 | D36: 42 | E36: 4.3194859 | F36: 3.1652873 | G36: 5.9933592
A37: Other relative | B37: 24 | C37: 8 | D37: 16 | E37: 1.8176879 | F37: 1.2738196 | G37: 2.6064313
A38: Not related | B38: 1 | C38: 1 | E38: 0.065795595 | F38: 0.11116414
A39: Back to Table of Contents

Sheet Basic_Info3
A1: Table 1.3: Respondent education*
A2: Education | B2: Number of respondents | E2: Distribution of respondents
B3: Total | C3: Male | D3: Female | E3: Total | F3: Male | G3: Female
A4: Literate (in any language) | B4: 1516 | C4: 987 | D4: 529 | E4: 87.68074 | F4: 91.219963 | G4: 81.761978 | H4: Round 1
A5: Level
A6: No school | B6: 94 | C6: 38 | D6: 56 | E6: 5.5391868 | F6: 3.5613871 | G6: 8.8888889
A7: Primary - partial | B7: 841 | C7: 492 | D7: 349 | E7: 49.558044 | F7: 46.11059 | G7: 55.396825
A8: Primary - completed | B8: 607 | C8: 417 | D8: 190 | E8: 35.769004 | F8: 39.081537 | G8: 30.15873
A9: Secondary - partial
A10: Secondary - completed
A11: Tertiary - partial & completed | B11: 155 | C11: 120 | D11: 35 | E11: 9.1337655 | F11: 11.246485 | G11: 5.5555556
A12: Religious
A14: Literate (in any language) | B14: 1583 | C14: 995 | D14: 588 | E14: 92.149008 | F14: 97.311892 | G14: 84.795738 | H14: Round 2
A15: Level
A16: No school | B16: 62 | C16: 17 | D16: 45 | E16: 7.8451055 | F16: 2.6775266 | G16: 15.204262
A17: Primary - partial | B17: 526 | C17: 308 | D17: 218 | E17: 44.353025 | F17: 42.803728 | G17: 46.559382
A18: Primary - completed | B18: 290 | C18: 169 | D18: 121 | E18: 15.078403 | F18: 15.26726 | G18: 14.809451
A19: Secondary - partial | B19: 606 | C19: 400 | D19: 206 | E19: 28.48093 | F19: 33.447585 | G19: 21.407909
A20: Secondary - completed
A21: Tertiary - partial & completed | B21: 161 | C21: 118 | D21: 43 | E21: 4.242537 | F21: 5.8039013 | G21: 2.0189956
A22: Religious
A24: Literate (in any language) | B24: 1461 | C24: 895 | D24: 566 | E24: 83.445508 | F24: 92.4956 | G24: 71.596561 | H24: Round 3
A25: Level
A26: No school | B26: 73 | C26: 20 | D26: 53 | E26: 9.8556901 | F26: 4.9728415 | G26: 16.268464
A27: Primary - partial | B27: 520 | C27: 289 | D27: 231 | E27: 42.960324 | F27: 40.735027 | G27: 45.882865
A28: Primary - completed | B28: 288 | C28: 161 | D28: 127 | E28: 15.425377 | F28: 15.420258 | G28: 15.432101
A29: Secondary - partial | B29: 590 | C29: 370 | D29: 220 | E29: 27.793896 | F29: 33.211716 | G29: 20.67853
A30: Secondary - completed
A31: Tertiary - partial & completed | B31: 152 | C31: 106 | D31: 46 | E31: 3.9647131 | F31: 5.6601582 | G31: 1.7380404
A32: Religious
A34: Literate (in any language) | B34: 1404 | C34: 876 | D34: 528 | E34: 85.413722 | F34: 88.55667 | G34: 80.502301 | H34: Round 4
A35: Level
A36: No school | B36: 64 | C36: 20 | D36: 44 | E36: 6.1002249 | F36: 3.4232086 | G36: 10.295198
A37: Primary - partial | B37: 519 | C37: 309 | D37: 210 | E37: 39.862582 | F37: 40.292465 | G37: 39.188941
A38: Primary - completed | B38: 272 | C38: 157 | D38: 115 | E38: 15.816648 | F38: 15.698165 | G38: 16.002315
A39: Secondary - partial | B39: 602 | C39: 383 | D39: 219 | E39: 32.457014 | F39: 34.023845 | G39: 30.001736
A40: Secondary - completed
A41: Tertiary - partial & completed | B41: 153 | C41: 103 | D41: 50 | E41: 4.027933 | F41: 4.6585634 | G41: 3.1113899
A42: Religious
A44: Literate (in any language) | B44: 1407 | C44: 876 | D44: 531 | E44: 86.605119 | F44: 91.078581 | G44: 79.704579 | H44: Round 5
A45: Level
A46: No school | B46: 65 | C46: 19 | D46: 46 | E46: 5.8903645 | F46: 3.3098941 | G46: 9.8803623
A47: Primary - partial | B47: 483 | C47: 286 | D47: 197 | E47: 38.503595 | F47: 38.799523 | G47: 38.046022
A48: Primary - completed | B48: 282 | C48: 162 | D48: 120 | E48: 16.309522 | F48: 16.559804 | G48: 15.922529
A49: Secondary - partial | B49: 607 | C49: 384 | D49: 223 | E49: 33.643396 | F49: 34.879891 | G49: 31.731491
A50: Secondary - completed
A51: Tertiary - partial & completed | B51: 148 | C51: 98 | D51: 50 | E51: 5.6531226 | F51: 6.4508871 | G51: 4.419596
A52: Religious
A54: Literate (in any language) | B54: 1407 | C54: 877 | D54: 530 | E54: 86.592698 | F54: 91.946752 | G54: 78.83132 | H54: Round 6
A55: Level
A56: No school | B56: 65 | C56: 17 | D56: 48 | E56: 5.7981178 | F56: 2.8677919 | G56: 10.086029
A57: Primary - partial | B57: 490 | C57: 286 | D57: 204 | E57: 38.281634 | F57: 38.392705 | G57: 38.119106
A58: Primary - completed | B58: 275 | C58: 157 | D58: 118 | E58: 16.440443 | F58: 16.367085 | G58: 16.547788
A59: Secondary - partial | B59: 599 | C59: 377 | D59: 222 | E59: 33.605006 | F59: 35.274172 | G59: 31.162535
A60: Secondary - completed
A61: Tertiary - partial & completed | B61: 155 | C61: 107 | D61: 48 | E61: 5.8747986 | F61: 7.0982465 | G61: 4.0845418
A62: Religious
A63: Back to Table of Contents

Sheet Basic_Info4
A1: Table 1.4: Characteristics of Household
B2: Overall | C2: IHPS PCA Index Based Wealth Quintiles
C3: Q1 | D3: Q2 | E3: Q3 | F3: Q4 | G3: Q5
A4: Household size (average # individuals) | B4: 4.9617613 | C4: 4.6341463 | D4: 5.0313589 | E4: 5.0422961 | F4: 4.802521 | G4: 5.0982318 | H4: Round 1
A5: Household head, female (%) | B5: 21.205098 | C5: 24.390244 | D5: 22.648084 | E5: 25.981873 | F5: 22.689076 | G5: 15.127701
A6: Education level of HH Head:
A7: No school | B7: 5.8684055 | C7: 10 | D7: 9.6085409 | E7: 7.4766355 | F7: 5.3763441 | G7: 2.2
A8: Primary - partial | B8: 48.725548 | C8: 73.333333 | D8: 70.818505 | E8: 61.682243 | F8: 47.956989 | G8: 22.8
A9: Primary - completed | B9: 35.506817 | C9: 16.666667 | D9: 19.572954 | E9: 29.595016 | F9: 41.72043 | G9: 47
A10: Secondary - partial | B10: 9.8992294 | E10: 1.2461059 | F10: 4.9462366 | G10: 28
A11: Secondary - completed
A12: Tertiary - partial & completed
A13: Religious
A15: Household size (average # individuals) | B15: 5.2335708 | C15: 4.6001455 | D15: 5.3749252 | E15: 5.3496233 | F15: 5.1350365 | G15: 5.5475465 | H15: Round 2
A16: Household head, female (%) | B16: 27.159379 | C16: 29.980447 | D16: 31.983895 | E16: 34.000459 | F16: 24.224631 | G16: 14.306971
A17: Education level of HH Head:
A18: No school | B18: 7.8481769 | C18: 12.363638 | D18: 11.458709 | E18: 10.39055 | F18: 4.9381558 | G18: 0.71139838
A19: Primary - partial | B19: 44.37039 | C19: 64.279801 | D19: 61.239674 | E19: 46.584163 | F19: 38.345243 | G19: 15.769317
A20: Primary - completed | B20: 15.045156 | C20: 12.564541 | D20: 11.117856 | E20: 13.390688 | F20: 21.907786 | G20: 14.868724
A21: Secondary - partial | B21: 28.49208 | C21: 10.79202 | D21: 15.973903 | E21: 28.531498 | F21: 32.393076 | G21: 50.427809
A22: Secondary - completed
A23: Tertiary - partial & completed | B23: 4.2441979 | D23: 0.20985734 | E23: 1.1031017 | F23: 2.4157382 | G23: 18.222752
A24: Religious
A26: Household size (average # individuals) | B26: 5.2731487 | C26: 4.726432 | D26: 5.5004001 | E26: 5.3229579 | F26: 5.1585025 | G26: 5.5845369 | H26: Round 3
A27: Household head, female (%) | B27: 27.317333 | C27: 32.305619 | D27: 32.14083 | E27: 32.774775 | F27: 24.677651 | G27: 14.328815
A28: Education level of HH Head:
A29: No school | B29: 9.8556901 | C29: 17.494309 | D29: 13.380249 | E29: 13.406656 | F29: 5.465791 | G29: 0.78895253
A30: Primary - partial | B30: 42.960324 | C30: 62.023211 | D30: 59.837454 | E30: 42.379213 | F30: 39.233008 | G30: 15.974013
A31: Primary - completed | B31: 15.425377 | C31: 11.590569 | D31: 11.321466 | E31: 13.588103 | F31: 22.967074 | G31: 15.520811
A32: Secondary - partial | B32: 27.793896 | C32: 0 | D32: 0 | E32: 0 | F32: 0 | G32: 0
A33: Secondary - completed
A34: Tertiary - partial & completed | B34: 3.9647131 | C34: 8.8919114 | D34: 15.460831 | E34: 29.50311 | F34: 30.180086 | G34: 50.361427
A35: Religious
A37: Household size (average # individuals) | B37: 5.4842569 | C37: 4.9172816 | D37: 5.6315729 | E37: 5.5416098 | F37: 5.3653032 | G37: 5.6787033 | H37: Round 4
A38: Household head, female (%) | B38: 22.49427 | C38: 25.60474 | D38: 22.263745 | E38: 28.664106 | F38: 23.157971 | G38: 14.547401
A39: Education level of HH Head:
A40: No school | B40: 6.1002249 | C40: 11.935354 | D40: 6.0963283 | E40: 10.778289 | F40: 4.093935 | G40: 1.3879134
A41: Primary - partial | B41: 39.862582 | C41: 65.088242 | D41: 63.871513 | E41: 42.18416 | F41: 37.711543 | G41: 15.714876
A42: Primary - completed | B42: 15.816648 | C42: 11.543102 | D42: 12.242264 | E42: 16.217736 | F42: 21.763693 | G42: 12.691123
A43: Secondary - partial | B43: 32.457014 | C43: 0 | D43: 0 | E43: 0 | F43: 0 | G43: 0
A44: Secondary - completed
A45: Tertiary - partial & completed | B45: 5.7635319 | C45: 11.433302 | D45: 17.789895 | E45: 29.29184 | F45: 32.900027 | G45: 52.031796
A46: Religious
A48: Household size (average # individuals) | B48: 5.4194915 | C48: 4.9226823 | D48: 5.5387174 | E48: 5.5100659 | F48: 5.2466366 | G48: 5.640099 | H48: Round 5
A49: Household head, female (%) | B49: 22.275652 | C49: 29.455354 | D49: 20.588018 | E49: 28.746083 | F49: 21.656088 | G49: 14.816771
A50: Education level of HH Head:
A51: No school | B51: 5.8903645 | C51: 11.490101 | D51: 6.9120226 | E51: 11.108499 | F51: 3.7585639 | G51: 0.48570492
A52: Primary - partial | B52: 38.503595 | C52: 64.754215 | D52: 61.22898 | E52: 42.076153 | F52: 37.700995 | G52: 13.321329
A53: Primary - completed | B53: 16.309522 | C53: 12.619863 | D53: 12.360265 | E53: 16.366396 | F53: 21.342704 | G53: 14.035256
A54: Secondary - partial | B54: 33.643396 | C54: 0 | D54: 0 | E54: 0 | F54: 0 | G54: 0
A55: Secondary - completed
A56: Tertiary - partial & completed | B56: 5.6531226 | C56: 11.135822 | D56: 19.498733 | E56: 28.958157 | F56: 34.609757 | G56: 53.496181
A57: Religious
A59: Household size (average # individuals) | B59: 5.5294005 | C59: 5.1948382 | D59: 5.5226485 | E59: 5.6010109 | F59: 5.4508332 | G59: 5.6765757 | H59: Round 6
A60: Household head, female (%) | B60: 23.502506 | C60: 27.658183 | D60: 26.830835 | E60: 30.472173 | F60: 21.487895 | G60: 15.442119
A61: Education level of HH Head:
A62: No school | B62: 5.7981178 | C62: 14.019125 | D62: 6.5409502 | E62: 10.101698 | F62: 3.8734819 | G62: 0.46780723
A63: Primary - partial | B63: 38.281634 | C63: 58.360347 | D63: 62.929861 | E63: 41.099326 | F63: 37.420325 | G63: 14.480404
A64: Primary - completed | B64: 16.440443 | C64: 13.420728 | D64: 14.14576 | E64: 17.848808 | F64: 19.757297 | G64: 13.614252
A65: Secondary - partial | B65: 33.605006 | C65: 0 | D65: 0 | E65: 0 | F65: 0 | G65: 0
A66: Secondary - completed
A67: Tertiary - partial & completed | B67: 5.8747986 | C67: 14.1998 | D67: 16.383429 | E67: 29.421995 | F67: 35.71849 | G67: 52.537575
A68: Religious
A69: Back to Table of Contents

Sheet Basic_Info5
A1: Table 1.5: Older Adults and Dependency
B2: Overall | C2: IHPS PCA Index Based Wealth Quintiles
C3: Q1 | D3: Q2 | E3: Q3 | F3: Q4 | G3: Q5 | H3: Urban | I3: Rural
A4: Individuals | J4: Round 1
A5: 50 - 64 years old (%) | B5: 5.8342102 | C5: 3.1195841 | D5: 5.7638889 | E5: 6.0204696 | F5: 5.5579869 | G5: 6.6023166
A6: 65 years old and older (%) | B6: 2.7826494 | C6: 4.5060659 | D6: 2.3611111 | E6: 3.2510536 | F6: 3.1947484 | G6: 1.969112
A7: Household
A8: HHs with at least 1 person 50 - 64 (%) | B8: 23.481781 | C8: 12.903226 | D8: 21.95122 | E8: 25.679758 | F8: 22.431866 | G8: 26.470588
A9: HHs with at least 1 person 65+ (%) | B9: 11.972238 | C9: 18.548387 | D9: 9.7560976 | E9: 13.897281 | F9: 12.997904 | G9: 9.4117647
A10: HHs with at least 1 person 50+ (%) | B10: 30.537883 | C10: 29.032258 | D10: 27.526132 | E10: 33.534743 | F10: 30.398323 | G10: 30.784314
A11: Average share of members 50 - 64 | B11: 5.7865665 | C11: 3.2634704 | D11: 5.7985154 | E11: 5.9044808 | F11: 5.4005162 | G11: 6.677843
A12: Average share of members 65+ | B12: 3.4254468 | C12: 5.731916 | D12: 2.8216084 | E12: 3.9569956 | F12: 3.9478796 | G12: 2.3708514
A13: HHs with at least 1 person below 15 | B13: 83.805668 | C13: 85.483871 | D13: 89.89547 | E13: 85.196375 | F13: 81.341719 | G13: 81.372549
A14: Dependency ratio | B14: 0.89535436 | C14: 1.0809917 | D14: 1.1051925 | E14: 1.0129065 | F14: 0.83760762 | G14: 0.71204643 | H14: 0.73766357 | I14: 0.98392042
A16: Individuals | J16: Round 2
A17: 50 - 64 years old (%) | B17: 6.6161813 | C17: 7.2256324 | D17: 4.8005038 | E17: 6.4694807 | F17: 7.4490289 | G17: 7.2797829
A18: 65 years old and older (%) | B18: 3.7548334 | C18: 7.0724868 | D18: 2.5574372 | E18: 4.2404172 | F18: 3.8569778 | G18: 2.0409694
A19: Household
A20: HHs with at least 1 person 50 - 64 (%) | B20: 27.809538 | C20: 26.490836 | D20: 20.040763 | E20: 27.565575 | F20: 30.752664 | G20: 33.577588
A21: HHs with at least 1 person 65+ (%) | B21: 17.082486 | C21: 25.543865 | D21: 12.315257 | E21: 20.935006 | F21: 16.719789 | G21: 10.578641
A22: HHs with at least 1 person 50+ (%) | B22: 38.589291 | C22: 45.571867 | D22: 28.705628 | E22: 38.957368 | F22: 41.821001 | G22: 38.835602
A23: Average share of members 50 - 64 | B23: 7.9798694 | C23: 9.2063564 | D23: 5.3825608 | E23: 7.3414721 | F23: 9.6319989 | G23: 8.5340589
A24: Average share of members 65+ | B24: 5.4695943 | C24: 10.349302 | D24: 3.2372154 | E24: 5.4533497 | F24: 5.8476093 | G24: 3.4974942
A25: HHs with at least 1 person below 15 | B25: 83.367204 | C25: 77.483939 | D25: 88.097822 | E25: 88.688222 | F25: 77.371769 | G25: 83.251984
A26: Dependency ratio | B26: 1.028438 | C26: 1.1786666 | D26: 1.2530426 | E26: 1.0697548 | F26: 0.93423111 | G26: 0.74354582 | H26: 0.78607157 | I26: 1.0861379
A28: Individuals | J28: Round 3
A29: 50 - 64 years old (%) | B29: 6.5594665 | C29: 7.0695381 | D29: 4.7746512 | E29: 6.3691816 | F29: 7.3505299 | G29: 7.2511021
A30: 65 years old and older (%) | B30: 3.8594243 | C30: 7.0016088 | D30: 2.4618701 | E30: 4.0669765 | F30: 4.1973543 | G30: 2.3293329
A31: Household
A32: HHs with at least 1 person 50 - 64 (%) | B32: 28.049655 | C32: 27.232989 | D32: 19.833338 | E32: 28.358309 | F32: 30.57341 | G32: 33.223307
A33: HHs with at least 1 person 65+ (%) | B33: 17.175424 | C33: 25.763381 | D33: 10.859551 | E33: 20.06949 | F33: 17.339942 | G33: 12.10209
A34: HHs with at least 1 person 50+ (%) | B34: 38.60493 | C34: 46.828915 | D34: 26.791905 | E34: 38.593743 | F34: 42.373225 | G34: 38.618192
A35: Average share of members 50 - 64 | B35: 7.7194044 | C35: 8.7249698 | D35: 4.8478404 | E35: 7.0701239 | F35: 9.4732943 | G35: 8.3609276
A36: Average share of members 65+ | B36: 5.8067494 | C36: 10.985167 | D36: 3.0885585 | E36: 5.2919134 | F36: 6.6357161 | G36: 3.8045478
A37: HHs with at least 1 person below 15 | B37: 83.499637 | C37: 77.473519 | D37: 89.31903 | E37: 87.658353 | F37: 78.230211 | G37: 83.86839
A38: Dependency ratio | B38: 1.0097426 | C38: 1.1491284 | D38: 1.1610815 | E38: 1.0570948 | F38: 0.94287265 | G38: 0.77000516 | H38: 0.81734032 | I38: 1.0538844
A40: Individuals | J40: Round 4
A41: 50 - 64 years old (%) | B41: 6.5882273 | C41: 7.5548855 | D41: 4.4349359 | E41: 6.7116502 | F41: 7.033301 | G41: 6.999866
A42: 65 years old and older (%) | B42: 3.0884513 | C42: 4.8549286 | D42: 2.3373913 | E42: 3.5721527 | F42: 3.4271191 | G42: 2.1478139
A43: Household
A44: HHs with at least 1 person 50 - 64 (%) | B44: 28.277824 | C44: 28.116423 | D44: 18.28682 | E44: 29.906364 | F44: 29.839683 | G44: 31.101096
A45: HHs with at least 1 person 65+ (%) | B45: 14.521647 | C45: 17.527435 | D45: 9.2140218 | E45: 18.217251 | F45: 15.983023 | G45: 11.330615
A46: HHs with at least 1 person 50+ (%) | B46: 36.722678 | C46: 40.812116 | D46: 24.349858 | E46: 39.412829 | F46: 39.583965 | G46: 36.923802
A47: Average share of members 50 - 64 | B47: 7.5408678 | C47: 8.6184297 | D47: 4.4996537 | E47: 7.2636971 | F47: 8.6239543 | G47: 8.0891344
A48: Average share of members 65+ | B48: 4.1603015 | C48: 8.4388667 | D48: 2.6567109 | E48: 4.3683469 | F48: 4.1367323 | G48: 3.3001736
A49: HHs with at least 1 person below 15 | B49: 85.81752 | C49: 81.691812 | D49: 92.864695 | E49: 89.194018 | F49: 81.793131 | G49: 84.070762
A50: Dependency ratio | B50: 0.99440749 | C50: 1.1551412 | D50: 1.3231018 | E50: 1.0150657 | F50: 0.93847597 | G50: 0.77767162 | H50: 0.81877662 | I50: 1.0381992
A52: Individuals | J52: Round 5
A53: 50 - 64 years old (%) | B53: 6.3527554 | C53: 7.0563335 | D53: 4.9104545 | E53: 5.9561621 | F53: 7.0388115 | G53: 6.594944
A54: 65 years old and older (%) | B54: 3.0633269 | C54: 4.2912767 | D54: 2.2541054 | E54: 3.3567234 | F54: 3.4547602 | G54: 2.4189998
A55: Household
A56: HHs with at least 1 person 50 - 64 (%) | B56: 26.992966 | C56: 26.670132 | D56: 19.870489 | E56: 26.181014 | F56: 28.779763 | G56: 29.947653
A57: HHs with at least 1 person 65+ (%) | B57: 14.068379 | C57: 16.378834 | D57: 8.4184402 | E57: 16.799161 | F57: 14.851036 | G57: 12.805636
A58: HHs with at least 1 person 50+ (%) | B58: 35.738811 | C58: 40.041334 | D58: 25.435626 | E58: 34.956188 | F58: 38.435788 | G58: 37.753793
A59: Average share of members 50 - 64 | B59: 7.4630877 | C59: 8.5848382 | D59: 5.0460756 | E59: 6.595769 | F59: 8.6933264 | G59: 7.8944815
A60: Average share of members 65+ | B60: 4.2183928 | C60: 8.0737407 | D60: 2.3261863 | E60: 4.3196727 | F60: 4.4673441 | G60: 3.5116371
A61: HHs with at least 1 person below 15 | B61: 86.186658 | C61: 81.816858 | D61: 92.494776 | E61: 89.813997 | F61: 82.020925 | G61: 85.312006
A62: Dependency ratio | B62: 1.0244984 | C62: 1.2080685 | D62: 1.3155835 | E62: 1.0909536 | F62: 0.95445799 | G62: 0.8075714 | H62: 0.83137322 | I62: 1.0736069
A64: Individuals | J64: Round 6
A65: 50 - 64 years old (%) | B65: 6.2034564 | C65: 6.7763371 | D65: 4.6398009 | E65: 5.8211702 | F65: 6.5754041 | G65: 6.8943013
A66: 65 years old and older (%) | B66: 2.9606533 | C66: 3.6552871 | D66: 2.1803456 | E66: 3.1913648 | F66: 3.4119897 | G66: 2.458512
A67: Household
A68: HHs with at least 1 person 50 - 64 (%) | B68: 26.467583 | C68: 25.502003 | D68: 18.832826 | E68: 25.319329 | F68: 28.081025 | G68: 30.71298
A69: HHs with at least 1 person 65+ (%) | B69: 14.118444 | C69: 16.647815 | D69: 8.2844254 | E69: 16.24575 | F69: 15.449187 | G69: 13.089785
A70: HHs with at least 1 person 50+ (%) | B70: 35.532758 | C70: 39.095852 | D70: 24.046252 | E70: 35.600985 | F70: 37.970337 | G70: 38.311506
A71: Average share of members 50 - 64 | B71: 7.2585577 | C71: 8.5057502 | D71: 5.7650134 | E71: 6.3693708 | F71: 7.6794208 | G71: 8.1015179
A72: Average share of members 65+ | B72: 3.8969258 | C72: 6.2203956 | D72: 2.228428 | E72: 4.196216 | F72: 4.1075028 | G72: 3.5276121
A73: HHs with at least 1 person below 15 | B73: 86.791672 | C73: 84.151838 | D73: 91.124726 | E73: 90.368439 | F73: 83.898756 | G73: 84.969924
A74: Dependency ratio | B74: 1.0197779 | C74: 1.1689919 | D74: 1.3174926 | E74: 1.0943268 | F74: 0.94287628 | G74: 0.80242677 | H74: 0.84412229 | I74: 1.0632363
A75: Back to Table of Contents

Sheet Knowledge_Behav_Concerns1
A1: Table 2.5. Prevalence of safe practices
B2: % of respondents | C2: % of respondents by residence
C3: Urban | D3: Rural
A4: More frequent handwashing with soap | B4: 87.187895 | C4: 90.983996 | D4: 86.237102 | E4: Round 1
A5: Avoid handshakes/physical greetings | B5: 68.244433 | C5: 68.352732 | D5: 68.217308
A6: Avoid groups of more than 10 people | B6: 17.309157 | C6: 22.013685 | D6: 16.130833
A7: Cancel Travel Plans | B7: 58.490631 | C7: 55.222179 | D7: 59.309267
A8: Stock up more food than normal, due to restricted movement | B8: 26.981763 | C8: 28.515712 | D8: 26.597561
A9: Reduce Trips to Grocery Store | B9: 62.906402 | C9: 60.537089 | D9: 63.499834
A11: More frequent handwashing with soap | B11: 79.387982 | C11: 77.656094 | D11: 79.800734 | E11: Round 2
A12: Avoid handshakes/physical greetings | B12: 71.393165 | C12: 65.204326 | D12: 72.868117
A13: Avoid groups of more than 10 people | B13: 22.460383 | C13: 24.249088 | D13: 22.034091
A14: Cancel Travel Plans | B14: 33.307848 | C14: 33.875411 | D14: 33.172584
A15: Stock up more food than normal, due to restricted movement | B15: 15.453041 | C15: 15.918725 | D15: 15.342057
A16: Reduce Trips to Grocery Store | B16: 47.380658 | C16: 48.991279 | D16: 46.996807
A18: More frequent handwashing with soap | B18: 73.588994 | C18: 77.057606 | D18: 72.786919 | E18: Round 3
A19: Avoid handshakes/physical greetings | B19: 75.375555 | C19: 74.12645 | D19: 75.664396
A20: Avoid groups of more than 10 people | B20: 44.998064 | C20: 46.706348 | D20: 44.603044
A22: More frequent handwashing with soap | B22: 50.434507 | C22: 49.471995 | D22: 50.674468 | E22: Round 4
A23: Avoid handshakes/physical greetings | B23: 77.710964 | C23: 75.273134 | D23: 78.318732
A24: Avoid groups of more than 10 people | B24: 39.224307 | C24: 44.341906 | D24: 37.948453
A26: More frequent handwashing with soap | B26: 33.514593 | C26: 29.541931 | D26: 34.523843 | E26: Round 5
A27: Avoid handshakes/physical greetings | B27: 64.143834 | C27: 64.460028 | D27: 64.063505
A28: Avoid groups of more than 10 people | B28: 51.4641 | C28: 49.341225 | D28: 52.003414
A29: Reduce Number of Times of going to the Market | B29: 42.789791 | C29: 33.550898 | D29: 45.13692
A31: More frequent handwashing with soap | B31: 25.978155 | C31: 28.035367 | D31: 25.466766 | E31: Round 6
A32: Avoid handshakes/physical greetings | B32: 70.643544 | C32: 72.939372 | D32: 70.073913
A33: Avoid groups of more than 10 people | B33: 54.804278 | C33: 55.960506 | D33: 54.5174
A34: Reduce Number of Times of going to the Market | B34: 41.87796 | C34: 33.106177 | D34: 44.054376
A35: Back to Table of Contents

Sheet Knowledge_Behav_Concerns2
A1: Table 2.7. Degree of worry about self/immediate family becoming seriously ill from Coronavirus
B2: % of respondents | C2: % of respondents by IHPS Wealth Quintile | H2: % of respondents by residence
C3: Q1 | D3: Q2 | E3: Q3 | F3: Q4 | G3: Q5 | H3: Urban | I3: Rural
A4: Very worried | B4: 88.788642 | C4: 94.015938 | D4: 93.445189 | E4: 87.120347 | F4: 85.486541 | G4: 86.443869 | H4: 84.875783 | I4: 89.767482 | J4: Round 1
A5: Somewhat worried | B5: 5.1174022 | C5: 0.19873817 | D5: 4.8459045 | E5: 6.5498468 | F5: 5.6098964 | G5: 6.7307666 | H5: 6.2567105 | I5: 4.8323931
A6: Not too worried | B6: 2.2632414 | C6: 2.5343858 | D6: 0.29744631 | E6: 1.6549927 | F6: 4.0873129 | G6: 2.5322509 | H6: 3.7837859 | I6: 1.8828624
A7: Not worried at all | B7: 3.8307141 | C7: 3.2509384 | D7: 1.4114605 | E7: 4.6748137 | F7: 4.8162495 | G7: 4.2931139 | H7: 5.0837204 | I7: 3.5172624
A9: Very worried | B9: 89.546354 | C9: 92.06281 | D9: 91.399318 | E9: 90.742491 | F9: 85.946812 | G9: 88.451549 | H9: 90.316154 | I9: 89.362892 | J9: Round 2
A10: Somewhat worried | B10: 3.2511106 | C10: 2.9726625 | D10: 3.1130155 | E10: 3.7819175 | F10: 2.2627699 | G10: 4.1046152 | H10: 3.2265415 | I10: 3.2569661
A11: Not too worried | B11: 2.6127881 | C11: 1.3548875 | D11: 2.6311869 | E11: 1.4787305 | F11: 3.7476487 | G11: 3.7267549 | H11: 1.4447674 | I11: 2.8911561
A12: Not worried at all | B12: 4.5897475 | C12: 3.6096397 | D12: 2.8564795 | E12: 3.9968607 | F12: 8.0427699 | G12: 3.7170807 | H12: 5.0125375 | I12: 4.4889863
A14: Very worried | B14: 88.088536 | C14: 81.147235 | D14: 95.333619 | E14: 91.190173 | F14: 86.343457 | G14: 84.740742 | H14: 83.173147 | I14: 89.225161 | J14: Round 3
A15: Somewhat worried | B15: 4.642146 | C15: 10.295912 | D15: 1.1525677 | E15: 3.1837852 | F15: 4.330853 | G15: 5.745639 | H15: 7.7647611 | I15: 3.920079
A16: Not too worried | B16: 2.5490633 | C16: 0.14505992 | D16: 1.261132 | E16: 1.278979 | F16: 5.3642926 | G16: 3.9616572 | H16: 3.342077 | I16: 2.3656884
A17: Not worried at all | B17: 4.7202543 | C17: 8.4117928 | D17: 2.2526809 | E17: 4.347063 | F17: 3.9613971 | G17: 5.5519618 | H17: 5.7200152 | I17: 4.4890717
A19: Very worried | B19: 72.530777 | C19: 80.909322 | D19: 79.38416 | E19: 67.457897 | F19: 71.11955 | G19: 71.855156 | H19: 72.101323 | I19: 72.637843 | J19: Round 4
A20: Somewhat worried | B20: 11.160197 | C20: 9.3445049 | D20: 5.2823332 | E20: 16.249127 | F20: 10.234831 | G20: 11.33794 | H20: 12.012843 | I20: 10.947626
A21: Not too worried | B21: 8.4462622 | C21: 3.948995 | D21: 7.5947174 | E21: 7.4963381 | F21: 10.346044 | G21: 9.5149405 | H21: 6.7135984 | I21: 8.8782277
A22: Not worried at all | B22: 7.8627638 | C22: 5.7971781 | D22: 7.7387895 | E22: 8.7966373 | F22: 8.2995754 | G22: 7.291963 | H22: 9.1722353 | I22: 7.5363032
A24: Very worried | B24: 65.290025 | C24: 61.664557 | D24: 75.694867 | E24: 64.028744 | F24: 66.639677 | G24: 60.356649 | H24: 65.503119 | I24: 65.235889 | J24: Round 5
A25: Somewhat worried | B25: 11.690699 | C25: 17.146455 | D25: 6.6008855 | E25: 13.232079 | F25: 7.6441336 | G25: 15.74652 | H25: 10.777674 | I25: 11.922652
A26: Not too worried | B26: 11.163122 | C26: 12.878932 | D26: 8.0963226 | E26: 12.037205 | F26: 12.086949 | G26: 10.34711 | H26: 7.8094533 | I26: 12.015117
A27: Not worried at all | B27: 11.856154 | C27: 8.3100552 | D27: 9.6079246 | E27: 10.701972 | F27: 13.62924 | G27: 13.549721 | H27: 15.909753 | I27: 10.826342
A29: Very worried | B29: 68.537206 | C29: 72.748938 | D29: 79.173408 | E29: 67.640204 | F29: 66.510278 | G29: 63.792458 | H29: 64.883353 | I29: 69.443784 | J29: Round 6
A30: Somewhat worried | B30: 10.241474 | C30: 5.1043194 | D30: 6.0180991 | E30: 9.576571 | F30: 10.553242 | G30: 14.972431 | H30: 13.511112 | I30: 9.4302257
A31: Not too worried | B31: 9.428419 | C31: 7.8617277 | D31: 7.9539074 | E31: 9.001016 | F31: 12.193712 | G31: 8.0685769 | H31: 8.9089747 | I31: 9.5573013
A32: Not worried at all | B32: 11.792901 | C32: 14.285015 | D32: 6.8545856 | E32: 13.782209 | F32: 10.742767 | G32: 13.166534 | H32: 12.69656 | I32: 11.568689
A33: Back to Table of Contents

Sheet Knowledge_Behav_Concerns3
A1: Table 2.8. Degree of perception of threat to household's finance caused by coronavirus
B2: % of respondents | C2: % of respondents by IHPS Wealth Quintile | H2: % of respondents by residence
C3: Q1 | D3: Q2 | E3: Q3 | F3: Q4 | G3: Q5 | H3: Urban | I3: Rural
A4: A substantial threat | B4: 90.356349 | C4: 93.223443 | D4: 92.7054 | E4: 90.928388 | F4: 88.163065 | G4: 87.784518 | H4: 89.916317 | I4: 90.466428 | J4: Round 1
A5: A moderate threat | B5: 4.6469856 | C5: 1.6041102 | D5: 5.3083641 | E5: 5.1804816 | F5: 4.5194361 | G5: 5.8345533 | H5: 5.8998625 | I5: 4.3335662
A6: Not much of a threat | B6: 2.0931571 | C6: 2.4755865 | D6: 0.056951683 | E6: 1.6931847 | F6: 3.9692475 | G6: 2.010069 | H6: 0.53037754 | I6: 2.4841017
A7: Not a threat at all | B7: 2.9035081 | C7: 2.6968606 | D7: 1.9292843 | E7: 2.1979454 | F7: 3.3482513 | G7: 4.37086 | H7: 3.653443 | I7: 2.7159046
A9: A substantial threat | B9: 89.490094 | C9: 90.886413 | D9: 92.359249 | E9: 88.295422 | F9: 90.276349 | G9: 86.089908 | H9: 83.245632 | I9: 90.978302 | J9: Round 2
A10: A moderate threat | B10: 6.0542868 | C10: 5.2182741 | D10: 4.3238467 | E10: 6.9072156 | F10: 5.0463416 | G10: 8.5750601 | H10: 9.8206438 | I10: 5.1566714
A11: Not much of a threat | B11: 2.3124468 | C11: 3.1286746 | D11: 1.7198439 | E11: 2.1152628 | F11: 1.7336254 | G11: 3.2589225 | H11: 3.8272083 | I11: 1.951442
A12: Not a threat at all | B12: 2.1431728 | C12: 0.76663799 | D12: 1.5970609 | E12: 2.6821 | F12: 2.9436837 | G12: 2.0761089 | H12: 3.1065163 | I12: 1.9135844
A14: A substantial threat | B14: 89.072082 | C14: 92.511633 | D14: 96.105183 | E14: 87.669275 | F14: 87.567447 | G14: 83.058406 | H14: 84.987333 | I14: 90.016632 | J14: Round 3
A15: A moderate threat | B15: 6.634711 | C15: 0.51273476 | D15: 2.7866454 | E15: 7.7626172 | F15: 8.3690557 | G15: 11.818654 | H15: 11.405995 | I15: 5.5314093
A16: Not much of a threat | B16: 1.8071554 | C16: 4.305905 | D16: 0.35174425 | E16: 1.9267546 | F16: 1.3168027 | G16: 1.6219887 | H16: 0.12181082 | I16: 2.196871
A17: Not a threat at all | B17: 2.4860511 | C17: 2.6697275 | D17: 0.75642747 | E17: 2.6413527 | F17: 2.7466951 | G17: 3.5009508 | H17: 3.4848618 | I17: 2.2550882
A19: A substantial threat | B19: 74.941495 | C19: 80.423127 | D19: 76.044334 | E19: 76.568749 | F19: 74.785438 | G19: 70.757079 | H19: 68.486103 | I19: 76.55087 | J19: Round 4
A20: A moderate threat | B20: 19.171696 | C20: 13.652785 | D20: 20.117872 | E20: 20.859711 | F20: 18.552749 | G20: 19.636352 | H20: 23.777809 | I20: 18.023359
A21: Not much of a threat | B21: 2.8140379 | C21: 2.4994282 | D21: 2.0424072 | E21: 0.79271828 | F21: 4.4006506 | G21: 3.6926811 | H21: 1.2835889 | I21: 3.1955899
A22: Not a threat at all | B22: 3.0727713 | C22: 3.4246601 | D22: 1.7953869 | E22: 1.778822 | F22: 2.2611623 | G22: 5.9138879 | H22: 6.4524989 | I22: 2.2301809
A24: A substantial threat | B24: 77.748073 | C24: 81.49796 | D24: 84.307107 | E24: 80.55969 | F24: 79.877311 | G24: 67.325144 | H24: 71.892626 | I24: 79.235642 | J24: Round 5
A25: A moderate threat | B25: 14.379326 | C25: 14.833282 | D25: 9.6257753 | E25: 10.312937 | F25: 12.628511 | G25: 23.068543 | H25: 21.758905 | I25: 12.504553
A26: Not much of a threat | B26: 4.6828594 | C26: 3.1986672 | D26: 3.4518268 | E26: 6.7239142 | F26: 4.7773082 | G26: 3.7582195 | H26: 2.7039689 | I26: 5.1855941
A27: Not a threat at all | B27: 3.1897414 | C27: 0.4700911 | D27: 2.6152904 | E27: 2.4034588 | F27: 2.7168701 | G27: 5.8480935 | H27: 3.6444995 | I27: 3.0742106
A29: A substantial threat | B29: 70.441799 | C29: 71.460287 | D29: 74.729891 | E29: 71.541 | F29: 69.295931 | G29: 67.716924 | H29: 65.463879 | I29: 71.676898 | J29: Round 6
A30: A moderate threat | B30: 16.109858 | C30: 15.856753 | D30: 17.53284 | E30: 16.318518 | F30: 15.732308 | G30: 15.571365 | H30: 17.686 | I30: 15.718792
A31: Not much of a threat | B31: 9.2308906 | C31: 5.2325354 | D31: 5.4455361 | E31: 8.3759945 | F31: 10.359029 | G31: 12.509824 | H31: 13.468862 | I31: 8.1793839
A32: Not a threat at all | B32: 4.2174529 | C32: 7.4504254 | D32: 2.2917331 | E32: 3.7644874 | F32: 4.6127326 | G32: 4.2018869 | H32: 3.3812587 | I32: 4.4249257
A33: Back to Table of Contents

Sheet Knowledge_Behav_Concerns4
A1: Table 2.11a. Prevalence of Safe Practises(Washing Hands with Soap after being in Public), Last 7 days
B2: % of respondents | C2: % of respondents by IHPS Wealth Quintile | H2: % of respondents by residence
C3: Q1 | D3: Q2 | E3: Q3 | F3: Q4 | G3: Q5 | H3: Urban | I3: Rural
A4: All of the time | B4: 61.317343 | C4: 50.263078 | D4: 61.185007 | E4: 55.835497 | F4: 68.531367 | G4: 68.717982 | H4: 64.839557 | I4: 60.477913 | J4: Round 2
A5: Most of the time | B5: 16.412389 | C5: 22.664231 | D5: 12.176219 | E5: 20.195935 | F5: 14.102316 | G5: 13.576635 | H5: 11.988129 | I5: 17.466799
A6: About half of the time | B6: 3.5515939 | C6: 1.0619551 | D6: 6.3287492 | E6: 4.6183038 | F6: 2.1750703 | G6: 2.8860564 | H6: 2.8486142 | I6: 3.7191312
A7: Some of the time | B7: 9.3997638 | C7: 13.118629 | D7: 11.278599 | E7: 10.008575 | F7: 7.1201782 | G7: 6.5116118 | H7: 7.1445385 | I7: 9.9372394
A8: None of the time | B8: 4.7410984 | C8: 5.76256 | D8: 5.2201749 | E8: 5.0327069 | F8: 4.6609613 | G8: 3.1482282 | H8: 8.3121737 | I8: 3.8900234
A9: I have not been in public during the last 7 days | B9: 4.5778117 | C9: 7.1295472 | D9: 3.8112521 | E9: 4.3089827 | F9: 3.4101077 | G9: 5.1594865 | H9: 4.8669872 | I9: 4.5088941
A11: All of the time | B11: 30.750114 | C11: 29.812222 | D11: 29.462411 | E11: 26.835832 | F11: 31.137742 | G11: 35.333054 | H11: 33.683777 | I11: 30.004821 | J11: Round 5
A12: Most of the time | B12: 28.588514 | C12: 16.477405 | D12: 29.022012 | E12: 29.790233 | F12: 30.064539 | G12: 29.823057 | H12: 32.609437 | I12: 27.567004
A13: About half of the time | B13: 5.7013531 | C13: 5.0616526 | D13: 2.6627329 | E13: 9.0032973 | F13: 5.2460654 | G13: 4.8683763 | H13: 6.1349442 | I13: 5.5911998
A14: Some of the time | B14: 19.197135 | C14: 20.621643 | D14: 21.872832 | E14: 19.167426 | F14: 20.298639 | G14: 15.902222 | H14: 17.939918 | I14: 19.516529
A15: None of the time | B15: 10.647678 | C15: 18.031 | D15: 10.921737 | E15: 10.336649 | F15: 10.554543 | G15: 8.22836 | H15: 5.6726149 | I15: 11.911587
A16: I have not been in public during the last 7 days | B16: 5.1152058 | C16: 9.9960776 | D16: 6.0582736 | E16: 4.8665635 | F16: 2.6984712 | G16: 5.8449301 | H16: 3.9593095 | I16: 5.4088598
A18: All of the time | B18: 28.539285 | C18: 24.736546 | D18: 26.440982 | E18: 24.478899 | F18: 31.420306 | G18: 31.828714 | H18: 33.048099 | I18: 27.420578 | J18: Round 6
A19: Most of the time | B19: 25.08678 | C19: 21.602958 | D19: 25.479379 | E19: 24.724272 | F19: 23.61125 | G19: 28.204594 | H19: 24.80764 | I19: 25.156039
A20: About half of the time | B20: 4.8713525 | C20: 3.5647362 | D20: 3.8095677 | E20: 6.7886798 | F20: 4.5141373 | G20: 4.5164373 | H20: 5.2356677 | I20: 4.7809603
A21: Some of the time | B21: 24.745602 | C21: 20.054337 | D21: 26.3415 | E21: 25.705782 | F21: 26.786092 | G21: 22.126841 | H21: 23.087541 | I21: 25.156993
A22: None of the time | B22: 10.812786 | C22: 18.28289 | D22: 11.898999 | E22: 10.876371 | F22: 9.4187282 | G22: 9.0150976 | H22: 8.6251025 | I22: 11.355585
A23: I have not been in public during the last 7 days | B23: 5.9441937 | C23: 11.758534 | D23: 6.0295732 | E23: 7.4259966 | F23: 4.2494874 | G23: 4.3083162 | H23: 5.1959505 | I23: 6.1298445
A24: Back to Table of Contents

Sheet Knowledge_Behav_Concerns5
A1: Table 2.11b. Prevalence of Safe Practises(Wearing a Mask when in Public), Last 7 days
B2: % of respondents | C2: % of respondents by IHPS Wealth Quintile | H2: % of respondents by residence
C3: Q1 | D3: Q2 | E3: Q3 | F3: Q4 | G3: Q5 | H3: Urban | I3: Rural
A4: All of the time | B4: 19.413489 | C4: 11.423909 | D4: 21.669073 | E4: 19.111453 | F4: 14.867619 | G4: 29.343673 | H4: 26.473709 | I4: 17.730865 | J4: Round 2
A5: Most of the time | B5: 6.4643492 | C5: 2.5644569 | D5: 4.8152317 | E5: 4.2049146 | F5: 10.156127 | G5: 9.7626283 | H5: 6.6095782 | I5: 6.4297376
A6: About half of the time | B6: 1.3976115 | C6: 0.59157766 | D6: 3.3778169 | E6: 0.6411766 | F6: 0.77709115 | G6: 1.7742431 | H6: 1.7622698 | I6: 1.3107045
A7: Some of the time | B7: 7.189124 | C7: 12.058078 | D7: 4.5458228 | E7: 3.2158561 | F7: 6.7713244 | G7: 11.984224 | H7: 11.757489 | I7: 6.1003703
A8: None of the time | B8: 60.912814 | C8: 66.232431 | D8: 61.834839 | E8: 68.863583 | F8: 63.631147 | G8: 41.683504 | H8: 47.827536 | I8: 64.031357
A9: I have not been in public during the last 7 days | B9: 4.6226127 | C9: 7.1295472 | D9: 3.7572159 | E9: 3.9630164 | F9: 3.7966918 | G9: 5.4517272 | H9: 5.5694183 | I9: 4.3969656
A11: All of the time | B11: 55.744133 | C11: 35.909877 | D11: 51.014886 | E11: 58.274013 | F11: 57.661221 | G11: 71.138958 | H11: 68.036484 | I11: 52.901983 | J11: Round 3
A12: Most of the time | B12: 15.924457 | C12: 15.937976 | D12: 15.778363 | E12: 15.25136 | F12: 19.132256 | G12: 12.870125 | H12: 11.872558 | I12: 16.861308
A13: About half of the time | B13: 3.2817145 | C13: 3.0818763 | D13: 2.2740524 | E13: 4.1273495 | F13: 4.0658256 | G13: 2.2954768 | H13: 4.1270385 | I13: 3.0862646
A14: Some of the time | B14: 7.567925 | C14: 6.4692993 | D14: 8.0855319 | E14: 7.116732 | F14: 7.7091338 | G14: 8.407079 | H14: 8.3198303 | I14: 7.3940748
A15: None of the time | B15: 14.906151 | C15: 32.232992 | D15: 22.580425 | E15: 12.071695 | F15: 9.7681325 | G15: 3.2256673 | H15: 5.9655726 | I15: 16.973328
A16: I have not been in public during the last 7 days | B16: 2.5756197 | C16: 6.367979 | D16: 0.26674137 | E16: 3.1588505 | F16: 1.6634312 | G16: 2.062694 | H16: 1.6785168 | I16: 2.7830415
A18: All of the time | B18: 47.36166 | C18: 41.676481 | D18: 51.177034 | E18: 47.293435 | F18: 44.949902 | G18: 49.865018 | H18: 53.027204 | I18: 45.949199 | J18: Round 4
A19: Most of the time | B19: 22.913702 | C19: 18.802956 | D19: 22.450445 | E19: 20.979535 | F19: 24.959772 | G19: 24.428721 | H19: 22.91494 | I19: 22.913393
A20: About half of the time | B20: 4.4979396 | C20: 3.0867834 | D20: 4.8065801 | E20: 3.4112319 | F20: 6.2673989 | G20: 3.9852235 | H20: 3.2649372 | I20: 4.805336
A21: Some of the time | B21: 12.97259 | C21: 14.200461 | D21: 11.250658 | E21: 12.37512 | F21: 14.048633 | G21: 12.986987 | H21: 13.876244 | I21: 12.747302
A22: None of the time | B22: 11.005442 | C22: 18.938283 | D22: 8.2493916 | E22: 15.222213 | F22: 8.4781937 | G22: 8.2687006 | H22: 6.2978571 | I22: 12.179077
A23: I have not been in public during the last 7 days | B23: 1.2486672 | C23: 3.2950361 | D23: 2.0658905 | E23: 0.71846502 | F23: 1.2961004 | G23: 0.46534943 | H23: 0.61881716 | I23: 1.4056934
A25: All of the time | B25: 27.143567 | C25: 27.119793 | D25: 31.094983 | E25: 26.159119 | F25: 25.54713 | G25: 27.726308 | H25: 29.759061 | I25: 26.479103 | J25: Round 5
A26: Most of the time | B26: 21.745385 | C26: 18.654049 | D26: 17.385346 | E26: 23.155548 | F26: 25.399281 | G26: 19.721198 | H26: 24.655066 | I26: 21.006184
A27: About half of the time | B27: 5.0626367 | C27: 5.836236 | D27: 4.1783086 | E27: 4.9122649 | F27: 4.6081797 | G27: 5.9654993 | H27: 4.0969848 | I27: 5.3079593
A28: Some of the time | B28: 24.836439 | C28: 21.58688 | D28: 31.310254 | E28: 25.429085 | F28: 24.883273 | G28: 21.654081 | H28: 22.398433 | I28: 25.455812
A29: None of the time | B29: 16.343747 | C29: 16.806965 | D29: 10.021488 | E29: 15.496713 | F29: 17.699202 | G29: 19.087985 | H29: 15.154585 | I29: 16.645852
A30: I have not been in public during the last 7 days | B30: 4.8682261 | C30: 9.9960776 | D30: 6.0096193 | E30: 4.847269 | F30: 1.8629335 | G30: 5.8449301 | H30: 3.9358694 | I30: 5.1050901
A32: All of the time | B32: 23.822791 | C32: 23.732576 | D32: 23.323784 | E32: 22.352198 | F32: 25.618869 | G32: 23.5033 | H32: 23.642958 | I32: 23.867411 | J32: Round 6
A33: Most of the time | B33: 14.063466 | C33: 11.059655 | D33: 15.640786 | E33: 13.056843 | F33: 18.792284 | G33: 9.6291615 | H33: 12.533879 | I33: 14.44298
A34: About half of the time | B34: 2.6805266 | C34: 1.9894201 | D34: 2.7848565 | E34: 3.7710468 | F34: 1.7492514 | G34: 2.883692 | H34: 4.3115608 | I34: 2.2758417
A35: Some of the time | B35: 29.825267 | C35: 23.980312 | D35: 20.978903 | E35: 33.8657 | F35: 28.473793 | G35: 34.93306 | H35: 33.171798 | I35: 28.994941
A36: None of the time | B36: 23.961506 | C36: 27.479503 | D36: 31.147949 | E36: 20.593229 | F36: 21.316976 | G36: 24.742471 | H36: 21.626396 | I36: 24.540884
A37: I have not been in public during the last 7 days | B37: 5.6464429 | C37: 11.758534 | D37: 6.1237209 | E37: 6.3609841 | F37: 4.0488259 | G37: 4.3083162 | H37: 4.7134088 | I37: 5.8779432
A38: Back to Table of Contents

Sheet PHQ
A1: Table 2.20. Over the last 2 weeks, how often have you been bothered by; Little interest or pleasure in doing things
B2: % of respondents | C2: % of respondents by IHPS Wealth Quintile | H2: % of respondents by residence
C3: Q1 | D3: Q2 | E3: Q3 | F3: Q4 | G3: Q5 | H3: Urban | I3: Rural
A4: Not at all | B4: 62.612122 | C4: 60.897857 | D4: 57.694407 | E4: 59.384406 | F4: 63.819927 | G4: 68.005979 | H4: 64.34448 | I4: 62.182296
A5: Several days | B5: 34.078998 | C5: 35.628846 | D5: 38.354367 | E5: 35.801531 | F5: 33.031796 | G5: 30.436532 | H5: 31.177643 | I5: 34.79887
A6: More than half the days | B6: 1.6806788 | C6: 1.4870728 | D6: 2.7873273 | E6: 1.2963925 | F6: 2.1752192 | G6: 0.87492883 | H6: 3.3392016 | I6: 1.2691735
A7: Nearly every day | B7: 1.6282012 | C7: 1.9862247 | D7: 1.1638982 | E7: 3.5176712 | F7: 0.97305841 | G7: 0.68256013 | H7: 1.1386754 | I7: 1.7496602
A8: Table 2.20. Over the last 2 weeks, how often have you been bothered by; Feeling down, depressed, or hopeless
A9: Not at all | B9: 59.425776 | C9: 51.163849 | D9: 61.113804 | E9: 60.317379 | F9: 57.472615 | G9: 62.808628 | H9: 60.246543 | I9: 59.222131
A10: Several days | B10: 36.110198 | C10: 43.88426 | D10: 36.421682 | E10: 32.854338 | F10: 38.496973 | G10: 33.51394 | H10: 33.263051 | I10: 36.816619
A11: More than half the days | B11: 2.3629034 | C11: 3.9249952 | D11: 1.5016863 | E11: 3.3473019 | F11: 1.9385759 | G11: 1.8462434 | H11: 4.393878 | I11: 1.858987
A12: Nearly every day | B12: 2.1011232 | C12: 1.0268956 | D12: 0.96282841 | E12: 3.4809812 | F12: 2.0918361 | G12: 1.8311894 | H12: 2.0965282 | I12: 2.1022633
A13: Table 2.20. Over the last 2 weeks, how often have you been bothered by; Trouble falling or staying asleep, or sleeping too much
A14: Not at all | B14: 69.561704 | C14: 60.61998 | D14: 74.380761 | E14: 66.913588 | F14: 70.098612 | G14: 71.856319 | H14: 69.807338 | I14: 69.500758
A15: Several days | B15: 26.545461 | C15: 33.96497 | D15: 20.58577 | E15: 29.464202 | F15: 25.592738 | G15: 25.719903 | H15: 26.54511 | I15: 26.545548
A16: More than half the days | B16: 2.1635329 | C16: 1.8589314 | D16: 4.0177994 | E16: 1.92962 | F16: 2.223802 | G16: 1.3038743 | H16: 1.9404039 | I16: 2.2188947
A17: Nearly every day | B17: 1.7293028 | C17: 3.5561184 | D17: 1.0156694 | E17: 1.6925904 | F17: 2.0848487 | G17: 1.1199046 | H17: 1.707148 | I17: 1.7347997
A18: Table 2.20. Over the last 2 weeks, how often have you been bothered by; Feeling tired or having little energy
A19: Not at all | B19: 57.524549 | C19: 51.770678 | D19: 58.632592 | E19: 51.788393 | F19: 57.044822 | G19: 65.174582 | H19: 64.199869 | I19: 55.868299
A20: Several days | B20: 36.406438 | C20: 43.25447 | D20: 35.688192 | E20: 39.030867 | F20: 37.365207 | G20: 30.636398 | H20: 30.791476 | I20: 37.799597
A21: More than half the days | B21: 4.670517 | C21: 4.9748523 | D21: 4.6262165 | E21: 5.6859785 | F21: 4.9511364 | G21: 3.252842 | H21: 3.4807933 | I21: 4.965706
A22: Nearly every day | B22: 1.3984958 | C22: 0 | D22: 1.053 | E22: 3.4947608 | F22: 0.63883474 | G22: 0.93617797 | H22: 1.5278618 | I22: 1.3663981
A23: Table 2.20. Over the last 2 weeks, how often have you been bothered by; Poor appetite or overeating
A24: Not at all | B24: 79.154413 | C24: 76.196725 | D24: 80.743376 | E24: 76.836946 | F24: 79.467973 | G24: 81.182521 | H24: 82.77586 | I24: 78.255875
A25: Several days | B25: 17.930483 | C25: 23.262016 | D25: 17.67127 | E25: 17.60788 | F25: 17.426314 | G25: 17.065354 | H25: 15.248879 | I25: 18.59583
A26: More than half the days | B26: 2.2469066 | C26: 0.13940906 | D26: 0.49388712 | E26: 4.1280272 | F26: 2.8773442 | G26: 1.4790835 | H26: 1.5004861 | I26: 2.4321052
A27: Nearly every day | B27: 0.66819793 | C27: 0.40184907 | D27: 1.0914672 | E27: 1.4271464 | F27: 0.22836907 | G27: 0.27304083 | H27: 0.47477512 | I27: 0.71618915
A28: Table 2.20. Over the last 2 weeks, how often have you been bothered by; Feeling bad about yourself — or that you are a failure or have let yourself or your family down
A29: Not at all | B29: 63.401478 | C29: 55.87122 | D29: 53.177308 | E29: 59.043343 | F29: 67.363495 | G29: 72.022718 | H29: 68.156239 | I29: 62.221748
A30: Several days | B30: 31.803351 | C30: 31.342849 | D30: 43.085607 | E30: 34.161013 | F30: 29.558189 | G30: 25.397546 | H30: 28.033445 | I30: 32.738723
A31: More than half the days | B31: 3.1079932 | C31: 6.8038332 | D31: 1.5634379 | E31: 5.6592629 | F31: 2.341525 | G31: 1.0860095 | H31: 2.0380742 | I31: 3.3734568
A32: Nearly every day | B32: 1.6871775 | C32: 5.9820978 | D32: 2.1736463 | E32: 1.1363809 | F32: 0.73679105 | G32: 1.4937266 | H32: 1.7722418 | I32: 1.6660717
A33: Table 2.20. Over the last 2 weeks, how often have you been bothered by; Trouble concentrating on things, such as reading the newspaper or watching television
A34: Not at all | B34: 81.819056 | C34: 80.37024 | D34: 86.042422 | E34: 71.791045 | F34: 84.235875 | G34: 86.847531 | H34: 84.7276 | I34: 81.097401
A35: Several days | B35: 16.770445 | C35: 17.95395 | D35: 12.718601 | E35: 27.398446 | F35: 13.75643 | G35: 11.842146 | H35: 14.010149 | I35: 17.455317
A36: More than half the days | B36: 0.83976874 | C36: 1.6439038 | D36: 0.84743706 | E36: 0.30471435 | F36: 1.5234538 | G36: 0.26888759 | H36: 0.62499031 | I36: 0.89305861
A37: Nearly every day | B37: 0.5707307 | C37: 0.031906403 | D37: 0.39154005 | E37: 0.50579469 | F37: 0.48424123 | G37: 1.0414356 | H37: 0.63726131 | I37: 0.55422342
A38: Table 2.20. Over the last 2 weeks, how often have you been bothered by; Moving or speaking so slowly OR fast that other people could have noticed?
A39: Not at all | B39: 86.253222 | C39: 84.156322 | D39: 87.269004 | E39: 77.974955 | F39: 88.900893 | G39: 91.470843 | H39: 90.18762 | I39: 85.277037
A40: Several days | B40: 12.895136 | C40: 12.785355 | D40: 12.114856 | E40: 21.161573 | F40: 10.859817 | G40: 7.6266839 | H40: 8.6532188 | I40: 13.947622
A41: More than half the days | B41: 0.45495403 | C41: 3.0583231 | D41: 0 | E41: 0.29320458 | F41: 0.10193866 | G41: 0.36250857 | H41: 0.44076858 | I41: 0.45847366
A42: Nearly every day | B42: 0.39668817 | C42: 0 | D42: 0.61613985 | E42: 0.57026774 | F42: 0.13735152 | G42: 0.53996458 | H42: 0.71839298 | I42: 0.3168682
A43: Back to Table of Contents

Sheet PHQ_Overall
A1: Total Depression Severity
B2: % of respondents | C2: Pre-COVID 19 IHPS 2019 Wealth Quintile | H2: Percent HHs, by Residence
C3: Q1 | D3: Q2 | E3: Q3 | F3: Q4 | G3: Q5 | H3: Urban | I3: Rural
A4: None | B4: 77.198492 | C4: 66.666667 | D4: 76.190476 | E4: 77.203647 | F4: 77.726218 | G4: 79.60396 | H4: 78.040541 | I4: 76.7
A5: Mild Depression | B5: 19.91206 | C5: 29.91453 | D5: 21.428571 | E5: 20.06079 | F5: 18.793503 | G5: 17.821782 | H5: 18.412162 | I5: 20.8
A6: Moderate Depression | B6: 2.3241206 | C6: 3.4188034 | D6: 2.3809524 | E6: 2.4316109 | F6: 2.3201856 | G6: 1.980198 | H6: 2.5337838 | I6: 2.2
A7: Moderately Severe Depression | B7: 0.43969849 | C7: 0 | D7: 0 | E7: 0 | F7: 0.92807425 | G7: 0.59405941 | H7: 0.84459459 | I7: 0.2
A8: Severe Depression | B8: 0.12562814 | C8: 0 | D8: 0 | E8: 0.30395137 | F8: 0.23201856 | G8: 0 | H8: 0.16891892 | I8: 0.1
A10: Back to Table of Contents

Sheet ECD1
A1: Table 2.20: Primary Caregiver relationship to Selected Child
B2: Number of Caregivers | E2: Distribution of Caregivers
A3: Relationship to Child: | B3: Total | C3: Male | D3: Female | E3: Total | F3: Male | G3: Female
A4: Mother | B4: 905 | C4: 0 | D4: 905 | E4: 81.128017 | F4: 0 | G4: 86.719845
A5: Father | B5: 45 | C5: 45 | D5: 0 | E5: 5.2550749 | F5: 81.497373 | G5: 0
A6: Sibling | B6: 22 | C6: 1 | D6: 21 | E6: 1.4240634 | F6: 0.72885435 | G6: 1.4719814
A7: GrandParent | B7: 121 | C7: 11 | D7: 110 | E7: 8.9228583 | F7: 16.2367 | G7: 8.4187446
A8: Other Relative | B8: 28 | C8: 3 | D8: 25 | E8: 2.6468659 | F8: 1.5370719 | G8: 2.7233596
A9: Household Worker | B9: 11 | C9: 0 | D9: 11 | E9: 0.62312008 | F9: 0 | G9: 0.66606924
A10: Other Non-Relative
A11: Back to Table of Contents

Sheet ECD2
A1: Table 2.21. Parental Support at Home
B2: % of respondents | C2: % of respondents by IHPS Wealth Quintile | H2: % of respondents by residence
C3: Q1 | D3: Q2 | E3: Q3 | F3: Q4 | G3: Q5 | H3: Urban | I3: Rural
A4: Played with Child | B4: 87.641427 | C4: 79.199754 | D4: 86.473542 | E4: 91.108041 | F4: 88.04797 | G4: 87.493475 | H4: 89.242002 | I4: 87.244369
A5: Read books or looked at picture books with child | B5: 73.006623 | C5: 63.953764 | D5: 61.225169 | E5: 72.967678 | F5: 75.080638 | G5: 81.537832 | H5: 77.01168 | I5: 72.013079
A6: Told stories to Child | B6: 63.514852 | C6: 65.034275 | D6: 64.389509 | E6: 60.664667 | F6: 66.137482 | G6: 62.387868 | H6: 61.453251 | I6: 64.026278
A7: Sang songs to or with child, including lullabies | B7: 71.204016 | C7: 74.608148 | D7: 68.912607 | E7: 68.977039 | F7: 71.63521 | G7: 73.206258 | H7: 68.781798 | I7: 71.804901
A8: Took child outside the home | B8: 59.40257 | C8: 66.809008 | D8: 67.587084 | E8: 54.251482 | F8: 54.603644 | G8: 61.922596 | H8: 56.258349 | I8: 60.182564
A9: Named, counted, or drew things for or with child | B9: 65.079607 | C9: 49.86466 | D9: 58.009684 | E9: 63.040772 | F9: 71.150942 | G9: 70.416282 | H9: 68.898905 | I9: 64.132144
A10: Number of children’s books or picture books child has at home | B10: 1.7839107 | C10: 1.3746332 | D10: 1.2497383 | E10: 1.6681332 | F10: 1.7572179 | G10: 2.4162731 | H10: 2.2933753 | I10: 1.6575337
A11: Table 2.21. Household Characteristics
A12: Electricity | B12: 27.813178 | C12: 8.2135036 | D12: 2.864869 | E12: 9.7516648 | F12: 27.502799 | G12: 69.127155 | H12: 54.61799 | I12: 21.164013
A13: Radio | B13: 51.025973 | C13: 20.231085 | D13: 34.321956 | E13: 34.056462 | F13: 59.941927 | G13: 79.869142 | H13: 67.830488 | I13: 46.857468
A14: Television | B14: 22.556389 | C14: 6.5351975 | D14: 1.0017257 | E14: 5.1901132 | F14: 16.756829 | G14: 65.739801 | H14: 51.236793 | I14: 15.441967
A15: Mobile Telephone | B15: 85.628212 | C15: 64.573282 | D15: 79.889138 | E15: 79.753766 | F15: 91.995378 | G15: 95.700645 | H15: 95.014622 | I15: 83.299833
A16: Landline Telephone | B16: 0.62855769 | C16: 0 | D16: 0 | E16: 0.4883103 | F16: 0.70823798 | G16: 1.3074483 | H16: 2.1731077 | I16: 0.24541873
A17: Computer / Laptop / Tablet | B17: 6.1225682 | C17: 1.3808815 | D17: 0.27838695 | E17: 0.16322289 | F17: 2.6145367 | G17: 21.340686 | H17: 15.085722 | I17: 3.8991804
A18: Internet | B18: 15.084069 | C18: 3.0198772 | D18: 2.7720811 | E18: 6.8190686 | F18: 15.075414 | G18: 35.520107 | H18: 30.017469 | I18: 11.37971
A19: Table 2.21. Engagement with Educational Content
A20: Radio | B20: 17.916035 | C20: 15.117045 | D20: 19.397209 | E20: 14.40371 | F20: 17.260674 | G20: 22.190748 | H20: 20.266105 | I20: 17.333047
A21: Television | B21: 8.0322652 | C21: 1.3581869 | D21: 1.0282203 | E21: 0.5076422 | F21: 5.6335266 | G21: 25.028874 | H21: 25.161613 | I21: 3.7829474
A22: Computer with Internet | B22: 0.5121223 | C22: 0.04036736 | D22: 0 | E22: 0 | F22: 0 | G22: 2.0797059 | H22: 1.6638336 | I22: 0.22641455
A23: Computer with no Internet | B23: 1.0183805 | C23: 0 | D23: 0 | E23: 0.054491884 | F23: 0.78838982 | G23: 3.2467943 | H23: 3.7430147 | I23: 0.34247401
A24: Smart phone or tablet | B24: 2.2020302 | C24: 0 | D24: 1.1082503 | E24: 0.72314698 | F24: 3.0759423 | G24: 4.206491 | H24: 6.7912632 | I24: 1.0635683
A25: Feature phone using SMS (text messaging) | B25: 2.5358599 | C25: 0 | D25: 0.22104476 | E25: 2.9085017 | F25: 1.3724378 | G25: 5.8221508 | H25: 5.0231993 | I25: 1.9188197
A26: Printed materials from school | B26: 38.239684 | C26: 31.317552 | D26: 33.419269 | E26: 35.56894 | F26: 40.347229 | G26: 44.150041 | H26: 44.793882 | I26: 36.613768
A27: Printed reading materials | B27: 30.387288 | C27: 19.863832 | D27: 21.214603 | E27: 24.36585 | F27: 31.244134 | G27: 45.079211 | H27: 37.127604 | I27: 28.715201
A28: Table 2.21. Child Behavior
A29: Crying more than he/she used to | B29: 13.685903 | C29: 19.864166 | D29: 14.480186 | E29: 15.371283 | F29: 13.104666 | G29: 9.9282761 | H29: 15.607356 | I29: 13.209243
A30: Speaking less well than he/she used to | B30: 31.511254 | C30: 41.34166 | D30: 41.863205 | E30: 31.753479 | F30: 27.795361 | G30: 25.211265 | H30: 25.095348 | I30: 33.102863
A31: Being withdrawn or very quiet more than usual | B31: 20.357216 | C31: 20.037942 | D31: 22.608049 | E31: 28.56729 | F31: 18.362236 | G31: 13.019885 | H31: 18.10725 | I31: 20.91537
A32: Being irritable more than he/she used to | B32: 19.831303 | C32: 19.961443 | D32: 23.00759 | E32: 14.858707 | F32: 21.515341 | G32: 20.874153 | H32: 24.870582 | I32: 18.581198
A33: Defiant (does not follow the house rules) more than usual. | B33: 22.219624 | C33: 20.914938 | D33: 27.251057 | E33: 17.697206 | F33: 24.742764 | G33: 21.219957 | H33: 27.210417 | I33: 20.981546
A34: Destroying or damaging things more than usual | B34: 13.617959 | C34: 15.965634 | D34: 11.453308 | E34: 14.221176 | F34: 14.294771 | G34: 12.82182 | H34: 15.575399 | I34: 13.132373
A35: Table 2.21. Child Discipline
A36: Called (him/her) dumb, lazy or another name like that. | B36: 27.28379 | C36: 25.721493 | D36: 26.297113 | E36: 29.556369 | F36: 24.517044 | G36: 29.232558 | H36: 26.556955 | I36: 27.464088
A37: Spanked, hit or slapped (him/her) on the bottom with bare hand | B37: 17.659056 | C37: 25.461243 | D37: 17.773418 | E37: 14.361972 | F37: 16.7622 | G37: 19.076454 | H37: 20.204907 | I37: 17.027535
A38: Hit or slapped (him/her) on the hand, arm, or leg. | B38: 10.367373 | C38: 16.498701 | D38: 8.6063972 | E38: 8.5977799 | F38: 7.4199579 | G38: 14.299658 | H38: 10.854453 | I38: 10.246542
A39: Hit or slapped (him/her) on the face, head or ears. | B39: 3.6650516 | C39: 4.0190789 | D39: 1.0621783 | E39: 5.6760412 | F39: 1.953267 | G39: 5.0696404 | H39: 6.4117703 | I39: 2.9836665
A40: Hit (him/her) on the bottom or elsewhere on the body with something like a belt, hairbrush, stick or other hard object. | B40: 11.368316 | C40: 7.6896781 | D40: 14.642109 | E40: 6.604457 | F40: 13.999259 | G40: 12.462317 | H40: 16.482981 | I40: 10.099509
A41: Beat (him/her) up, that is hit (him/her) over and over as hard as one could. | B41: 1.1320455 | C41: 0.34905186 | D41: 0 | E41: 1.3007588 | F41: 2.4955579 | G41: 0.47418894 | H41: 2.7514833 | I41: 0.73030768
A42: Do you believe that in order to bring up, raise, or educate a child properly, the child needs to be physically punished? | B42: 21.310382 | C42: 19.428661 | D42: 18.388791 | E42: 21.491532 | F42: 24.309721 | G42: 20.385096 | H42: 25.356961 | I42: 20.306594
A43: Back to Table of Contents

Sheet Access1
A1: Table 3.1. Access to Medicine and Medical Services
B2: Needed to buy (% of HHs) | C2: Could not buy (% HH that needed to buy)
B3: 3.6811295 | C3: Overall | R3: Could not buy | S3: Needed & bought | T3: No need
B4: 2.7513774 | Q4: Soap | R4: =100-T4-S4 -> #REF! | S4: =#REF!*((100-#REF!)/100) -> #REF! | T4: =100-#REF! -> #REF!
A5: Medicine | B5: 63.967611 | C5: 11.663653 | D5: Round 1 | Q5: Medical Services | R5: =100-T5-S5 -> #REF! | S5: =#REF!*((100-#REF!)/100) -> #REF! | T5: =100-#REF! -> #REF!
A6: Medical Services | B6: 61.419896 | C6: 15.89404
A8: Medicine | B8: 45.356076 | C8: 14.223434 | D8: Round 2
A9: Medical Services | B9: 46.065621 | C9: 15.893171
A11: Medicine | B11: 44.876455 | C11: 7.0622289 | D11: Round 5
A12: Medical Services | B12: 39.466738 | C12: 4.153444
A14: Medicine | B14: 42.551426 | C14: 9.8400945 | D14: Round 6
A15: Medical Services | B15: 40.132842 | C15: 5.1761536
A16: Back to Table of Contents

Sheet Access2
A1: Table 3.2a. Reasons basic needs were not available (% of HHs that could not Acess)
A2: Frequency of reasons given across all times | B2: Medicine
B3: Overall | C3: Urban | D3: Rural
A4: Out of stock | B4: 4.6875 | C4: 5.1282051 | D4: 4.494382 | E4: Round 1
A5: Local market closed/ not operating | B5: 0 | C5: 0 | D5: 0
A6: Limited/no transportation | B6: 3.90625 | C6: 2.5641026 | D6: 4.494382
A7: Restriction to go outside | B7: 4.6875 | C7: 2.5641026 | D7: 5.6179775
A8: Increase in price | B8: 7.8125 | C8: 10.25641 | D8: 6.741573
A9: No money to buy | B9: 82.03125 | C9: 82.051282 | D9: 82.022472
A11: Out of stock | B11: 1.4285427 | C11: 2.469884 | D11: 1.2289474 | E11: Round 2
A12: Local market closed/ not operating | B12: 0.44967526 | C12: 0 | D12: 0.53586513
A13: Limited/no transportation | B13: 0.49259455 | C13: 0 | D13: 0.58701083
A14: Restriction to go outside | B14: 0.11638412 | C14: 0.72359068 | D14: 0
A15: Increase in price | B15: 3.5327289 | C15: 16.669126 | D15: 1.0148576
A16: No money to buy | B16: 95.549855 | C16: 87.658338 | D16: 97.062433
A18: Out of stock | B18: 6.9598039 | C18: 0 | D18: 7.9752443 | E18: Round 5
A19: Local market closed/ not operating | B19: 0 | C19: 0 | D19: 0
A20: Limited/no transportation | B20: 4.1951302 | C20: 0 | D20: 4.8072027
A21: Restriction to go outside | B21: 0 | C21: 0 | D21: 0
A22: Increase in price | B22: 3.9405257 | C22: 16.728948 | D22: 2.0746857
A23: No money to buy | B23: 85.882976 | C23: 83.271052 | D23: 86.264057
A25: Out of stock | B25: 5.9821905 | C25: 10.958076 | D25: 5.3396974 | E25: Round 6
A26: Local market closed/ not operating | B26: 0 | C26: 0 | D26: 0
A27: Limited/no transportation | B27: 0 | C27: 0 | D27: 0
A28: Restriction to go outside | B28: 0 | C28: 0 | D28: 0
A29: Increase in price | B29: 9.3354065 | C29: 0 | D29: 10.540807
A30: No money to buy | B30: 91.926704 | C30: 100 | D30: 90.884269
A31: Back to Table of Contents

Sheet Access3
A1: Table 3.5. Reasons unable to access medical treatment (% of HHs where one of the members needed medical treatment)
A2: Frequency of reasons given across all times | C2: % of respondents by residence
B3: Percentage | C3: Urban | D3: Rural
A4: Lack of money | B4: 18.324607 | C4: 18.75 | D4: 18.018018 | E4: Round 1
A5: No medical personnel available | B5: 32.460733 | C5: 30 | D5: 34.234234
A6: Turned away because facility was full | B6: 14.659686 | C6: 18.75 | D6: 11.711712
A7: Limited / No Transportation | B7: 6.2827225 | C7: 5 | D7: 7.2072072
A8: Restriction to go outside | B8: 3.1413613 | C8: 2.5 | D8: 3.6036036
A9: Afraid of going and getting the virus | B9: 14.136126 | C9: 13.75 | D9: 14.414414
A10: Other | B10: 10.994764 | C10: 11.25 | D10: 10.810811
A11: Refused | B11: 0 | C11: 0 | D11: 0
A13: Lack of money | B13: 40.280714 | C13: 43.542144 | D13: 39.006346 | E13: Round 2
A14: No medical personnel available | B14: 19.416184 | C14: 21.332394 | D14: 18.667446
A15: Turned away because facility was full | B15: 2.8032828 | C15: 5.6007734 | D15: 1.7101936
A16: Limited / No Transportation | B16: 6.3739342 | C16: 0.62975294 | D16: 8.6184108
A17: Restriction to go outside | B17: 12.576823 | C17: 12.594326 | D17: 12.569985
A18: Afraid of going and getting the virus | B18: 3.7507886 | C18: 0.1434109 | D18: 5.1603324
A19: Other | B19: 4.2302269 | C19: 10.783164 | D19: 1.6697377
A20: Refused | B20: 10.568046 | C20: 5.3740355 | D20: 12.59755
A22: Lack of money | B22: 45.976744 | C22: 59.154329 | D22: 44.448202 | E22: Round 5
A23: No medical personnel available | B23: 1.9452848 | C23: 0 | D23: 2.1709293
A24: Turned away because facility was full | B24: 0.84904991 | C24: 0 | D24: 0.94753598
A25: Limited / No Transportation | B25: 22.614416 | C25: 0 | D25: 25.237589
A26: Restriction to go outside | B26: 13.811207 | C26: 4.9958477 | D26: 14.83375
A27: Afraid of going and getting the virus | B27: 0 | C27: 0 | D27: 0
A28: Other | B28: 0 | C28: 0 | D28: 0
A29: Refused | B29: 14.803299 | C29: 35.849823 | D29: 12.361994
A31: Lack of money | B31: 43.377707 | C31: 70.633612 | D31: 36.3459 | E31: Round 6
A32: No medical personnel available | B32: 29.494172 | C32: 24.621068 | D32: 30.751394
A33: Turned away because facility was full | B33: 0 | C33: 0 | D33: 0
A34: Limited / No Transportation | B34: 11.122575 | C34: 4.7453202 | D34: 12.767856
A35: Restriction to go outside | B35: 0 | C35: 0 | D35: 0
A36: Afraid of going and getting the virus | B36: 0 | C36: 0 | D36: 0
A37: Other | B37: 16.005546 | C37: 0 | D37: 20.13485
A38: Back to Table of Contents

Sheet Access4
A1: Table 3.3. Food Security Problems
A2: Due to lack of money or other resources: | C2: % of HHs
C3: Wave 6 (December 2020)
M4: 44166
A5: Adult(s) in HH skipped meal | C5: 64.210694 | L5: Overall | M5: =C5 -> 64.210694
A6: Consumption Quintile | B6: Q1 | C6: 80.883882 | L6: Q1 | M6: =C6 -> 80.883882
B7: Q2 | C7: 82.190268 | L7: Q2 | M7: =C7 -> 82.190268
B8: Q3 | C8: 77.37143 | L8: Q3 | M8: =C8 -> 77.37143
B9: Q4 | C9: 63.266015 | L9: Q4 | M9: =C9 -> 63.266015
B10: Q5 | C10: 35.288824 | L10: Q5 | M10: =C10 -> 35.288824
A11: HH ran out of food | C11: 52.642348 | M11: 44166
A12: Consumption Quintile | B12: Q1 | C12: 68.107467 | L12: Overall | M12: =C11 -> 52.642348
B13: Q2 | C13: 71.531281 | L13: Q1 | M13: =C12 -> 68.107467
B14: Q3 | C14: 61.08367 | L14: Q2 | M14: =C13 -> 71.531281
B15: Q4 | C15: 51.385998 | L15: Q3 | M15: =C14 -> 61.08367
B16: Q5 | C16: 28.638735 | L16: Q4 | M16: =C15 -> 51.385998
A17: Adult(s) in HH did not eat for a whole day | C17: 22.204888 | L17: Q5 | M17: =C16 -> 28.638735
A18: Consumption Quintile | B18: Q1 | C18: 32.06164 | M18: 44166
B19: Q2 | C19: 26.451118 | L19: Overall | M19: =C17 -> 22.204888
B20: Q3 | C20: 32.046412 | L20: Q1 | M20: =C18 -> 32.06164
B21: Q4 | C21: 21.165114 | L21: Q2 | M21: =C19 -> 26.451118
B22: Q5 | C22: 7.5262 | L22: Q3 | M22: =C20 -> 32.046412
A23: Back to Table of Contents | L23: Q4 | M23: =C21 -> 21.165114
L24: Q5 | M24: =C22 -> 7.5262

Sheet Access5
A1: Year | C1: Malawi | D1: Urban/Rural | F1: Region | I1: IHPS PCA Index Based Wealth Quintiles
D2: Urban | E2: Rural | F2: North | G2: Central | H2: Southern | I2: Q1_Poorest | J2: Q2 | K2: Q3 | L2: Q4 | M2: Q5_Richest
A3: Round 1 | B3: Moderate or Severe | C3: 71.938614 | D3: 58 | E3: 75 | F3: 63.802748 | G3: 71.35223 | H3: 75.061313 | I3: 86.151241 | J3: 80.689969 | K3: 79.836539 | L3: 67.024864 | M3: 51.682599
B4: Severe | C4: 31 | D4: 23 | E4: 33 | F4: 31 | G4: 29 | H4: 34 | I4: 42 | J4: 36 | K4: 35 | L4: 30.378232 | M4: 18
A5: Round 2 | B5: Moderate or Severe | C5: 68.263685 | D5: 53.010065 | E5: 72.097554 | F5: 57.546385 | G5: 65.185696 | H5: 74.444322 | I5: 82.367658 | J5: 81.096485 | K5: 72.883269 | L5: 66.64772 | M5: 45.156947
B6: Severe | C6: 28.605894 | D6: 19.846755 | E6: 30.80743 | F6: 23.25723 | G6: 25.806118 | H6: 32.888997 | I6: 32.929068 | J6: 40.322739 | K6: 32.653468 | L6: 26.570599 | M6: 13.575125
A7: Round 3 | B7: Moderate or Severe | C7: 59.326364 | D7: 49.884387 | E7: 65.092569 | F7: 57.25993 | G7: 55.123106 | H7: 64.705456 | I7: 80.226504 | J7: 72.980435 | K7: 71.17636 | L7: 61.109985 | M7: 42.958407
B8: Severe | C8: 23.945216 | D8: 18.205972 | E8: 27.450167 | F8: 25.443928 | G8: 21.418295 | H8: 26.0565 | I8: 40.177313 | J8: 33.624911 | K8: 32.357967 | L8: 23.73531 | M8: 13.173329
A9: Round 5 | B9: Moderate or Severe | C9: 57.766813 | D9: 49.5505 | E9: 62.830771 | F9: 54.620661 | G9: 53.485114 | H9: 63.757782 | I9: 81.874611 | J9: 75.692188 | K9: 67.423466 | L9: 60.872953 | M9: 40.108748
B10: Severe | C10: 21.131508 | D10: 15.88645 | E10: 24.364194 | F10: 18.981996 | G10: 20.562113 | H10: 22.638332 | I10: 40.321745 | J10: 32.059606 | K10: 26.745012 | L10: 22.447526 | M10: 10.132373
A11: Round 6 | B11: Moderate or Severe | C11: 65.198404 | D11: 49.680026 | E11: 69.287548 | F11: 58.981061 | G11: 62.922584 | H11: 69.485667 | I11: 84.200943 | J11: 84.062538 | K11: 79.443681 | L11: 63.973994 | M11: 39.184799
B12: Severe | C12: 29.102922 | D12: 17.293063 | E12: 32.21486 | F12: 25.725538 | G12: 27.530301 | H12: 31.792193 | I12: 39.922723 | J12: 41.565839 | K12: 36.879988 | L12: 28.648181 | M12: 13.451644
A13: Back to Table of Contents
A15: Note: Results are at household level. Generated using FIES Data Analysis App: https://fies.shinyapps.io/ExtendedApp/

Sheet Access6
A1: Table 3.4. Medical treatment since mid-March 2020
B2: % of HH | E2: % of HHs that needed medical treatment
B3: Urban | C3: Rural | D3: Overall
A4: Someone in HH needed medical treatment | B4: 54.943274 | C4: 64.568345 | D4: 61.133603 | E4: 100 | F4: Round 1
A5: Able to access medical treatment | B5: 44.084279 | C5: 55.485612 | D5: 51.417004 | E5: 84.71411
A6: Not able to access medical treatment | B6: 10.858995 | C6: 9.0827338 | D6: 9.7165992 | E6: 15.28589
A8: Someone in HH needed medical treatment | B8: 40.549132 | C8: 47.141373 | D8: 45.872648 | E8: 100 | F8: Round 2
A9: Able to access medical treatment | B9: 29.918402 | C9: 40.646785 | D9: 38.58203 | E9: 84.106829
A10: Not able to access medical treatment | B10: 10.63073 | C10: 6.4945878 | D10: 7.2906185 | E10: 15.893171
A12: Someone in HH needed medical treatment | B12: 38.65008 | C12: 39.674209 | D12: 39.466738 | E12: 100 | F12: Round 5
A13: Able to access medical treatment | B13: 37.809041 | C13: 37.832201 | D13: 37.827509 | E13: 95.846556
A14: Not able to access medical treatment | B14: 0.84103882 | C14: 1.842008 | D14: 1.6392288 | E14: 4.153444
A16: Someone in HH needed medical treatment | B16: 31.58121 | C16: 42.254635 | D16: 40.132842 | E16: 100 | F16: Round 6
A17: Able to access medical treatment | B17: 29.43814 | C17: 40.193606 | D17: 38.055504 | E17: 94.823846
A18: Not able to access medical treatment | B18: 2.1430696 | C18: 2.0610284 | D18: 2.0773375 | E18: 5.1761536
A19: Back to Table of Contents

Sheet Access7
A1: Table 3.4b. Type of Services Needed
B2: Overall | C2: IHPS PCA Index Based Wealth Quintiles | H2: % of respondents by residence
C3: Q1 | D3: Q2 | E3: Q3 | F3: Q4 | G3: Q5 | H3: Urban | I3: Rural
A4: Family Planning | B4: 1.229231 | C4: 0 | D4: 0.87291474 | E4: 2.8725789 | F4: 0.85704542 | G4: 0.20381765 | H4: 1.1113219 | I4: 1.2510963
A5: Vaccination | B5: 1.0175826 | C5: 0 | D5: 2.1000692 | E5: 2.3023535 | F5: 0 | G5: 0.15191343 | H5: 0.19910304 | I5: 1.1693631
A6: Maternal Health | B6: 4.3349078 | C6: 2.4583827 | D6: 3.7111318 | E6: 3.0433427 | F6: 5.5192962 | G6: 5.8678782 | H6: 6.9251293 | I6: 3.8545716
A7: Child Health | B7: 55.247927 | C7: 57.421135 | D7: 65.873023 | E7: 60.864987 | F7: 43.296929 | G7: 53.944468 | H7: 44.749471 | I7: 57.194783
A8: Adult Health | B8: 45.702125 | C8: 42.270675 | D8: 38.551736 | E8: 40.3705 | F8: 56.59929 | G8: 45.872836 | H8: 45.781568 | I8: 45.687393
A9: Emergency Care | B9: 0.19725846 | C9: 0 | D9: 0 | E9: 0 | F9: 0.16427396 | G9: 0.74874912 | H9: 0.8675272 | I9: 0.072962385
A10: Pharmacy | B10: 0.9058607 | C10: 0.075623739 | D10: 0 | E10: 0.64597603 | F10: 1.3768171 | G10: 1.694782 | H10: 3.039668 | I10: 0.51016291
A11: Other | B11: 0.43810376 | C11: 0 | D11: 0 | E11: 0.20660386 | F11: 0.98498628 | G11: 0.56858576 | H11: 1.1238568 | I11: 0.31093625
A12: Back to Table of Contents

Sheet Employment1
B1: Work Status
C2: Overall | D2: % of respondents by residence | F2: Percent HHs, by (IHPS) wealth quintiles
B3: Status of work | D3: Urban | E3: Rural | F3: Q1 | G3: Q2 | H3: Q3 | I3: Q4 | J3: Q5
B4: Before Mid-March* | C4: 77.933038 | D4: 82.188988 | E4: 76.963629 | F4: 68.407854 | G4: 72.939386 | H4: 82.535979 | I4: 77.945259 | J4: 85.079988
B5: Baseline (May/June) | C5: 68.862218 | D5: 72.643018 | E5: 68.001038 | F5: 62.278372 | G5: 64.455382 | H5: 74.154036 | I5: 70.295805 | J5: 70.251752
B6: Round 2 (July) | C6: 69.155115 | D6: 70.592201 | E6: 68.812623 | F6: 63.061384 | G6: 62.372997 | H6: 72.141143 | I6: 72.804186 | J6: 72.41582
B7: Round 3 (August) | C7: 73.605146 | D7: 72.243209 | E7: 73.920077 | F7: 69.895141 | G7: 75.73288 | H7: 73.800588 | I7: 73.243903 | J7: 74.79907
B8: Round 4 (September) | C8: 79.183556 | D8: 75.930394 | E8: 79.994593 | F8: 76.63636 | G8: 78.080067 | H8: 81.183515 | I8: 76.76495 | J8: 81.455257
B9: Round 5 (Oct/Nov) | C9: 81.889514 | D9: 73.165752 | E9: 84.105775 | F9: 82.971021 | G9: 84.967507 | H9: 83.40715 | I9: 82.437792 | J9: 77.565937
B10: Round 6 (December) | C10: 91.67356 | D10: 86.060694 | E10: 93.066199 | F10: 96.322625 | G10: 95.076803 | H10: 91.08203 | I10: 90.911831 | J10: 89.391485
B11: Back to Table of Contents
B13: Note: It is assumed that all those who were working at baseline were also working before mid-March.

Sheet T4.1
A1: Table 4.1 Respondents working status last week (any work for pay or any income generating activities)
B2: Round 1 (May/June) | C2: Round 2 (July) | D2: Round 3 (August) | E2: Round 4+ (September)
A3: Status of work
A4: Respondent WORKING (%) | B4: 69.442673 | C4: 68.411231 | D4: 72.829727 | E4: 80.480441
A5: Also was working in previous round | C5: 81.292549 | D5: 79.554813 | E5: 84.983468
A6: Returned to work since previous round | C6: 18.707451 | D6: 20.445187 | E6: 15.016532
A7: Respondent NOT WORKING (%) | B7: 30.557327 | C7: 31.588769 | D7: 27.170273 | E7: 19.519559
A8: Also not working in previous round* | B8: 68.427667 | C8: 55.684161 | D8: 55.688873 | E8: 64.660514
A9: Stopped working since previous round* | B9: 31.572333 | C9: 44.315839 | D9: 44.311127 | E9: 35.339486
A10: +This table includes only 1209 observations that represent HHs with information for all rounds and that they did not change respondents along the way for Round 4

Sheet Employment2
A1: Table 4.17 Job Stability
B2: % of respondents working
B3: Round 2 (July) | C3: Round 3 (August) | D3: Round 4 (September) | E3: Round 5 (October/November) | F3: Round 6 (December)
A4: Changes in job
A5: Same job as before | B5: 88.294905 | C5: 97.427576 | D5: 97.618106 | E5: 92.417388 | F5: 94.277377
A6: Changed jobs | B6: 11.705095 | C6: 2.572424 | D6: 2.3818938 | E6: 7.5826116 | F6: 5.7226235
A8: Back to Table of Contents

Sheet T4.1c
A1: Table 4.1c Change in respondent working status (% of respondents)
B2: % All | C2: % of respondents by IHPS Wealth Quintile | H2: % of respondents by residence
C3: Q1 | D3: Q2 | E3: Q3 | F3: Q4 | G3: Q5 | H3: Urban | I3: Rural
A4: Working Continuously since May/June (Round 1) | B4: 48.265904 | C4: 47.435395 | D4: 38.260276 | E4: 52.290145 | F4: 44.249153 | G4: 54.502382 | H4: 46.374101 | I4: 48.744093
A5: Working since August (Round 3) | B5: 3.6828774 | C5: 5.2414723 | D5: 3.74044 | E5: 2.8910166 | F5: 3.2322798 | G5: 4.4990541 | H5: 5.3151639 | I5: 3.2702863
A6: Working since July (Round 2) | B6: 8.8164524 | C6: 7.0375481 | D6: 8.1890123 | E6: 9.5142079 | F6: 8.8801808 | G6: 8.9675595 | H6: 5.840699 | I6: 9.5686301
A7: Returned to work in September (Round 4) | B7: 3.7097863 | C7: 1.2194363 | D7: 7.920916 | E7: 3.1653146 | F7: 3.9601379 | G7: 2.6150332 | H7: 3.3258191 | I7: 3.8068413
A8: Working-Not working-Working-Not Working | B8: 1.5450666 | C8: 6.6567646 | D8: 1.8825333 | E8: 2.2629849 | F8: 0.079767923 | G8: 0.47355345 | H8: 1.3812446 | I8: 1.5864757
A9: Working-Working-Not working-Not Working | B9: 2.3433293 | C9: 4.0152951 | D9: 2.2915882 | E9: 2.5885151 | F9: 3.5655699 | G9: 0 | H9: 3.0101586 | I9: 2.1747757
A10: Working-Not working-Not working-Not Working | B10: 2.7713806 | C10: 0.14762586 | D10: 1.8577076 | E10: 1.6030667 | F10: 3.8217906 | G10: 4.2448412 | H10: 2.7496331 | I10: 2.7768777
A11: Not working-Working-Not working-Not Working | B11: 1.377382 | C11: 0.89630922 | D11: 0 | E11: 2.2253301 | F11: 1.5763407 | G11: 1.132041 | H11: 1.0666981 | I11: 1.4559131
A12: Not returned to work* | B12: 1.1315145 | C12: 0.48170881 | D12: 0.63788196 | E12: 0.70709035 | F12: 0.82640148 | G12: 2.4793165 | H12: 3.0790483 | I12: 0.63923875
A13: Not working even before outbreak* | B13: 4.9978408 | C13: 9.5908611 | D13: 6.9476369 | E13: 3.8295176 | F13: 5.6210837 | G13: 2.7711311 | H13: 4.4417477 | I13: 5.1384038
A14: Not Working - Not Working - Working - Not Working | B14: 1.4255688 | C14: 5.440393 | D14: 0.72818043 | E14: 0.76879362 | F14: 1.6038232 | G14: 0.83835848 | H14: 1.8456482 | I14: 1.3193858
A15: Not Working - Working - Working - Not Working | B15: 1.369193 | C15: 0 | D15: 3.249905 | E15: 1.0534857 | F15: 2.0080673 | G15: 0.4133716 | H15: 1.5105779 | I15: 1.3334554
... A20: Working - Working - Working - Not Working | B20: 2.5582835 | C20: 2.6679825 | D20: 2.5581454 | E20: 1.4583155 | F20: 3.5747674 | G20: 2.4930178 | H20: 5.0684555 | I20: 1.9237903
A22: +This table includes only 1209 observations that represent HHs with information for all rounds and that they did not change respondents along the way for Round 4
A23: * Respondents not working at R1 were asked if the worked pre-outbreak)

Sheet T4.6
A1: Table 4.6. Main industry of those respondents working
B2: Round 1 | E2: Round 2 | H2: Round 3 | K2: Round 4
B3: Overall | C3: % of respondents by residence | E3: Overall | F3: % of respondents by residence | H3: Overall | I3: % of respondents by residence | K3: Overall | L3: % of respondents by residence
B4: % of respondents working | C4: Urban | D4: Rural | E4: % of respondents working | F4: Urban | G4: Rural | H4: % of respondents working | I4: Urban | J4: Rural | K4: % of respondents working | L4: Urban | M4: Rural
A5: Agriculture | B5: 49.808352 | C5: 13.068857 | D5: 58.748032 | E5: 43.919289 | F5: 8.6983167 | G5: 53.075391 | H5: 46.269494 | I5: 10.131953 | J5: 55.246884 | K5: 46.877716 | L5: 10.528647 | M5: 54.944166
A6: Mining | B6: 0.52411097 | C6: 0.033103314 | D6: 0.64358597 | E6: 0.47109291 | F6: 0.042415617 | G6: 0.58253255 | H6: 0.44321574 | I6: 0 | J6: 0.55332066 | K6: 0.054016147 | L6: 0 | M6: 0.066003209
A7: Manufucturing | B7: 2.020385 | C7: 5.4924469 | D7: 1.1755416 | E7: 2.1780951 | F7: 4.5346152 | G7: 1.5654903 | H7: 2.2911756 | I7: 5.0481938 | J7: 1.6062693 | K7: 1.6747468 | L7: 2.5358473 | M7: 1.4836546
A8: Professional/Scientific/Technical Activities | B8: 3.2291083 | C8: 6.3233203 | D8: 2.4762057 | E8: 3.5789787 | F8: 5.8732736 | G8: 2.9825501 | H8: 2.8626935 | I8: 6.6782778 | J8: 1.9148153 | K8: 5.0808711 | L8: 6.7931888 | M8: 4.70088
A9: Utilities | B9: 0.75692391 | C9: 2.2398633 | D9: 0.39608599 | E9: 0.84366095 | F9: 2.0646279 | G9: 0.52625639 | H9: 0.751736 | I9: 1.6502296 | J9: 0.52852967 | K9: 0.14621842 | L9: 0.49982742 | M9: 0.067746829
A10: Construction | B10: 5.1487212 | C10: 10.465675 | D10: 3.8549673 | E10: 4.9022513 | F10: 11.441308 | G10: 3.2023476 | H10: 5.7766285 | I10: 11.685139 | J10: 4.3088197 | K10: 2.5630168 | L10: 3.9318654 | M10: 2.259247
A11: Transportation | B11: 2.5887289 | C11: 5.5330236 | D11: 1.8723051 | E11: 2.8876374 | F11: 6.1351993 | G11: 2.043396 | H11: 3.0700355 | I11: 4.8405586 | J11: 2.6301972 | K11: 3.0117539 | L11: 4.5057797 | M11: 2.6802053
A12: Buying and Selling | B12: 17.698915 | C12: 30.024112 | D12: 14.699872 | E12: 21.834267 | F12: 31.9936 | G12: 19.19323 | H12: 19.451208 | I12: 30.274522 | J12: 16.76245 | K12: 18.360629 | L12: 33.072453 | M12: 15.095835
A13: Financial/Insurance/Real Estate Services | B13: 0.74445109 | C13: 2.5510607 | D13: 0.30485575 | E13: 0.98558066 | F13: 3.3932049 | G13: 0.35969076 | H13: 1.1960291 | I13: 4.449706 | J13: 0.3877415 | K13: 1.102309 | L13: 3.7880493 | M13: 0.50629959
A14: Personal Services | B14: 6.5020031 | C14: 10.680119 | D14: 5.4853583 | E14: 5.7385188 | F14: 11.346785 | G14: 4.2805848 | H14: 6.2679618 | I14: 10.976933 | J14: 5.0981459 | K14: 9.4246849 | L14: 18.733387 | M14: 7.3589324
A15: Education | B15: 0.82037157 | C15: 0.51814962 | D15: 0.89391007 | E15: 0.79154442 | F15: 0.30000903 | G15: 0.91932476 | H15: 0.5053796 | I15: 0.71261735 | J15: 0.453897 | K15: 2.952871 | L15: 3.7671492 | M15: 2.7721694
A16: Health | B16: 2.1460702 | C16: 4.9708123 | D16: 1.4587366 | E16: 2.8235471 | F16: 6.8601042 | G16: 1.7741971 | H16: 2.878717 | I16: 6.0727027 | J16: 2.085258 | K16: 2.4205162 | L16: 3.7511203 | M16: 2.1252335
... A20: Others | B20: 3.3627233 | C20: 4.7893588 | D20: 3.0155856 | E20: 4.0661575 | F20: 4.4211188 | G20: 3.9738812 | H20: 3.3546577 | I20: 4.0697954 | J20: 3.1770012 | K20: 0.70040685 | L20: 0.066686364 | M20: 0.84103974

Sheet T4.18
A1: Table 4.18. Work stoppages, by industry of main job
B2: Percentage of respondents that STOPPED working
B3: Between Mid-March and April/May | C3: Between April/May and July | D3: Between July and August(R3) | E3: Between July and September(R4)
A4: All | B4: 9.07082 | C4: 14.080755 | D4: 12.039454 | E4: 12.503678
A5: Agriculture | B5: 45.577728 | C5: 62.903173 | D5: 50.926679 | E5: 39.135029
A6: Mining | B6: 0.3811569 | C6: 0.95590477 | D6: 2.6440936 | E6: 0
A7: Manufucturing | B7: 2.9752242 | C7: 1.476484 | D7: 0.16035196 | E7: 0
A8: Professional/Scientific/Technical Activities | B8: 2.9274857 | C8: 1.1833222 | D8: 2.4657007 | E8: 0.8927948
A9: Utilities | C9: 0.61813238 | D9: 0.77922281 | E9: 0.064483321
A10: Construction | B10: 5.4634835 | C10: 7.2490703 | D10: 4.8241864 | E10: 0.72820412
A11: Transportation | B11: 1.5348752 | C11: 1.875698 | D11: 0.21343953 | E11: 0.3584116
A12: Buying and Selling | B12: 11.74062 | C12: 7.9693813 | D12: 13.715984 | E12: 12.937821
A13: Financial/Insurance/Real Estate Services | B13: 0.30684703 | C13: 0.23788912 | E13: 0
A14: Personal Services | B14: 6.8007879 | C14: 7.6432725 | D14: 6.7918693 | E14: 1.4756531
A15: Education | B15: 2.0824388 | C15: 1.1715315 | D15: 3.2697796 | E15: 0
A16: Health | B16: 3.9961557 | C16: 0.38254928 | D16: 1.2212954 | E16: 24.159021
A17: Public Administration | B17: 0.99716078 | C17: 0.42869157 | E17: 0
A18: Tourism | E18: 0
A19: Food Processing | B19: 11.385657 | C19: 4.0373447 | D19: 7.1773505 | E19: 0.97164852
A20: Others | B20: 3.8303792 | C20: 1.8675548 | D20: 5.810047 | E20: 7.7326053
A21: +For Round 4, 36 respondents do not have industry information

Sheet Employment3
A1: Table 4.19. Work stoppages, main reason
F2: Level
B3: Round 5 | C3: Round 6 | D3: Round 5 | E3: Round 6
A4: Business/office closed - coronavirus legal restrictions | B4: 3.2059041 | C4: 14.227359 | D4: =SUM(B4:B10) -> 15.805176 | E4: =SUM(C4:C10) -> 24.91524 | F4: Potentially related | G4: Relation to coronavirus outbreak & related counter measures
A5: Ill/quarantined | B5: 7.2918772 | C5: 0
A6: Need to care for ill relative | B6: 1.6607184 | C6: 0
A7: Not able to go to farm - movement restrictions | B7: 0 | C7: 0
A8: Laid off while business continues | B8: 2.0442485 | C8: 0
A9: Furlough (temporarily laid off) | B9: 1.6024272 | C9: 0
A10: Not able to farm due to lack of inputs | B10: 0 | C10: 10.687881
A11: Business/office closed for another reason | B11: 2.1296335 | C11: 0 | D11: =SUM(B11:B17) -> 84.194824 | E11: =SUM(C11:C17) -> 75.08476 | F11: Potentially unrelated
A12: Not farming season | B12: 2.6618468 | C12: 44.612392
A13: Seasonal worker/or farming season | B13: 19.989939 | C13: 0
A14: Retired | B14: 2.1036884 | C14: 0
A15: Vacation | B15: 0 | C15: 0
A16: Rotation of Personnel | B16: 0 | C16: 30.472368
A17: Other | B17: 57.309717 | C17: 0
A18: Percentage of respondents that STOPPED working* | B18: 1.8898855 | C18: 0.59062572
A20: Back to Table of Contents

Sheet T4.20
A1: Table 4.20 Job Search, Respondents
B2: Round 2 | C2: Round 3 | D2: Round 4
B3: % of respondents not working
A4: Not working (last week) (% of respondents) | B4: 32.14419 | C4: 27.170273 | D4: 19.519559
A5: 1. Temporarily absent | B5: 59.792995 | C5: 56.592687 | D5: 56.520543
A6: 1.1. Expect to return within 3 months | B6: 68.567235 | C6: 68.301768 | D6: 64.621955
A7: 1.2. They don't know when they will come back | B7: 31.432765 | C7: 31.698232 | D7: 35.378045
A8: 2. Searched for work (last 4 weeks**) | B8: 6.9667134 | C8: 2.1585411 | D8: 2.2207372
A9: 3. Not searched for work | B9: 33.240291 | C9: 41.248772 | D9: 41.25872

Sheet Employment4
A1: Table 4.21. Type of work of those respondents working
B2: Round 6 (December)
B3: % of all respondents working
A4: Own business | B4: 21.50828
A5: Business of HH or family member | B5: 1.5023415
A6: Family farming (or livestock or fishing) | B6: 53.584945
A7: As an employee for someone else | B7: 23.321163
A8: As an apprentice, trainee, intern | B8: 0.083269995
A9: Percentage of respondents working | B9: 91.67356
A10: Back to Table of Contents

Sheet T4.22
A1: Table 4.22. Main industry of those respondents working (% of respondents working)
B2: Round 1 (May/June) | C2: Round 2 (July) | D2: Round 3 (August) | E2: Round 4 (September)
A3: Agriculture | B3: 49.808352 | C3: 43.501614 | D3: 46.269494 | E3: 46.877716
A4: Mining | B4: 0.52411097 | C4: 0.49040162 | D4: 0.44321574 | E4: 0.054016147
A5: Manufucturing | B5: 2.020385 | C5: 2.0214935 | D5: 2.2911756 | E5: 1.6747468
A6: Professional/Scientific/Technical Activities | B6: 3.2291083 | C6: 3.7256705 | D6: 2.8626935 | E6: 5.0808711
A7: Utilities | B7: 0.75692391 | C7: 0.87824012 | D7: 0.751736 | E7: 0.14621842
A8: Construction | B8: 5.1487212 | C8: 4.6844907 | D8: 5.7766285 | E8: 2.5630168
A9: Transportation | B9: 2.5887289 | C9: 2.8328558 | D9: 3.0700355 | E9: 3.0117539
A10: Buying and Selling | B10: 17.698915 | C10: 21.788103 | D10: 19.451208 | E10: 18.360629
A11: Financial/Insurance/Real Estate Services | B11: 0.74445109 | C11: 1.0259767 | D11: 1.1960291 | E11: 1.102309
A12: Personal Services | B12: 6.5020031 | C12: 5.9700653 | D12: 6.2679618 | E12: 9.4246849
A13: Education | B13: 0.82037157 | C13: 0.8239875 | D13: 0.5053796 | E13: 2.952871
A14: Health | B14: 2.1460702 | C14: 2.939276 | D14: 2.878717 | E14: 2.4205162
... A18: Others | B18: 3.3627233 | C18: 4.2328173 | D18: 3.3546577 | E18: 0.70040685

Sheet T4.25
A1: Table 4.25 Family businesses, status & fluctuation*
B2: All | C2: % HHs by status R4 (September)
A3: HHs with a non-farm business in September 2020 (R4) | B3: 40.472481 | C3: 100
A4: NFE started after Round 3 | B4: 6.5029802 | C4: 16.067659
A5: NFE still open since July | B5: 7.0788591 | C5: 17.490549
A6: NFE has been operation since May/June or earlier | B6: 26.898815 | C6: 66.461988
A7: NFE closed as of September (R4) | B7: 14.810959 | C7: 100
A8: … opened in R3 but closed in R4 (temp/perm) | B8: 8.3790493 | C8: 56.573306
A9: … closed since August R3 | B9: 3.3656474 | C9: 22.724034
A10: … closed since July R2 | B10: 3.5863394 | C10: 24.214092
A11: … closed since May/June R1 | B11: 0.53326691 | C11: 3.6004887
A12: No NFE anytime in 2020 | B12: 44.71656

Sheet Employment5
A1: Table 4.22. Hours worked (average for working population)
B2: All individuals | C2: Sex
C3: Male | D3: Female
A4: Hours worked last week | B4: 27.625164 | C4: 29.581432 | D4: 24.678999
A5: Usual hours worked - Primary activity | B5: 31.565378 | C5: 33.832004 | D5: 28.213428
A6: Usual hours worked -Only wage workers | B6: 38.246366 | C6: 39.672628 | D6: 35.006344
A7: Back to Table of Contents

Sheet Income
A1: Table 5.6 Other Income sources - % of HHs
A2: Source of livelihood | B2: (Past 12 months) | C2: Round 3 (since R2) | D2: Round 4 (since R3) | E2: Round 5 (since Last Call in R4) | F2: Round 6 (since Last Call in R5)
A4: Remittances from abroad | B4: 2.51498 | C4: 2.7398042 | D4: 3.7225185 | E4: 3.2368559 | F4: 2.9931116
A5: Remittances from family within the country | B5: 13.449268 | C5: 11.717082 | D5: 8.8283146 | E5: 13.280776 | F5: 12.311376
A6: Assistance from other non-family individuals | B6: 8.0353989 | C6: 6.6356381 | D6: 8.7800341 | E6: 7.9234258 | F6: 8.6177053
A7: Income from properties, investments, savings | B7: 9.4372002 | C7: 10.102745 | D7: 9.3800126 | E7: 13.214688 | F7: 16.049856
A8: Pension | B8: 1.0394619 | C8: 1.0443009 | D8: 1.0981383 | E8: 1.5708512 | F8: 1.899069
A9: Back to Table of Contents

Sheet T6.10b
A1: Table 6.10b. Share of Households that needed to Sell Livestock but Could Not. (% of households that kept livestock)
B2: Needed to sell (# of HHs) | C2: Needed to sell (% of HHs) | D2: Could not sell (% that needed to sell Agricultural Produce)
B3: 3.6811295 | C3: 3.6811295 | D3: Overall | E3: IHPS PCA Index Based Wealth Quintiles | J3: % of respondents by Region
B4: 2.7513774 | C4: 2.7513774 | D4: All HHs | E4: Q1_Poorest | F4: Q2 | G4: Q3 | H4: Q4 | I4: Q5_Richest | J4: North | K4: Central | L4: South
A5: Yes, Needed to Sell Livestock | B5: 119 | C5: 18.990015 | D5: 0.1083502 | E5: 0 | F5: 0.13759247 | G5: 0.11644591 | H5: 0.045348297 | I5: 0.19875955 | J5: 0.0011206839 | K5: 0.12935971 | L5: 0.12229984
A6: No,did not need to Sell Livestock | B6: 618 | C6: 81.009985
A7: Back to Table of Contents

Sheet T6.10c
A1: Table 6.10c. Reasons Households Could NOT sell Livestock (% of HHs that needed to sale)
A2: Frequency of reasons given across all times | B2: Malawi | C2: Region
B3: Overall | C3: North | D3: Central | E3: South
A4: Local market closed/ not operating | B4: 0 | C4: 0 | D4: 0 | E4: 0
A5: Limited/no transportation | B5: 0 | C5: 0 | D5: 0 | E5: 0
A6: Restriction to go outside | B6: 0 | C6: 0 | D6: 0 | E6: 0
A7: Fall in Prices | B7: 93.510036 | C7: 100 | D7: 100 | E7: 86.601626
A8: Other Specify | B8: 6.4899638 | C8: 0 | D8: 0 | E8: 13.398374
A9: Back to Table of Contents

Sheet T6.10b_1
A1: Table 6.10b_1. Share of Households that needed to Sell Crops but Could Not. (% of households that kept livestock)
B2: Needed to sell (# of HHs) | C2: Needed to sell (% of HHs) | D2: Could not sell (% that needed to sell Agricultural Produce)
B3: 3.6811295 | C3: 3.6811295 | D3: Overall | E3: IHPS PCA Index Based Wealth Quintiles | J3: % of respondents by Region
B4: 2.7513774 | C4: 2.7513774 | D4: All HHs | E4: Q1_Poorest | F4: Q2 | G4: Q3 | H4: Q4 | I4: Q5_Richest | J4: North | K4: Central | L4: South
A5: Yes, Needed to Sell Crops | B5: 313 | C5: 25.355581 | D5: 0.057415752 | E5: 0.090498448 | F5: 0.047138862 | G5: 0.041507017 | H5: 0.044633101 | I5: 0.080723398 | J5: 0.020604921 | K5: 0.024455867 | L5: 0.10930506
A6: No,did not need to Sell Crops | B6: 966 | C6: 74.644419
A7: Back to Table of Contents

Sheet T6.2b
A1: Table 6.2b. Reasons for Crop Sales
B2: % of HHs that sold crops from the Dimba Season
B3: 207886.29
B4: # Households | C4: % of households
A5: I normally sell for my/family livelihood | B5: 256 | C5: 85.606389
A6: Declining/no income from usual business | B6: 9 | C6: 4.0201127
A7: Declining/no income from usual work | B7: 3 | C7: 0.32073094
A8: Crop is fetching higher price on the market | B8: 1 | C8: 0.17344748
A9: To pay School Dues | B9: 10 | C9: 6.0991616
A10: To Cater for Family Gatherings | B10: 0 | C10: 0
A11: Other Reasons | B11: 18 | C11: 3.7801581
A12: Back to Table of Contents

Sheet T6.2c
A1: Table 6.2c. Status of Sales
B2: % of HHs that were able to sell Crops
B3: 207886.29
B4: # Households | C4: % of households
A5: Exceptionally good / Much better than normal | B5: 26 | C5: 7.4093858
A6: Good / Better than normal | B6: 65 | C6: 21.187145
A7: Average / Normal | B7: 87 | C7: 33.943751
A8: Not good, less than normal | B8: 103 | C8: 31.332751
A9: Very bad, much less than normal | B9: 16 | C9: 6.126967
A10: Back to Table of Contents

Sheet T6.2a
A1: Table 6.2a Crops Sold during the Dry Season 2020 Agricultural Season
A2: Crops | B2: % of producer HHs | C2: % of respondents by residence | E2: 2019 (IHS5) land quintiles | J2: % of respondents by Region
C3: Urban | D3: Rural | E3: Q1_Poorest | F3: Q2 | G3: Q3 | H3: Q4 | I3: Q5_Richest | J3: North | K3: Central | L3: South
A4: Maize | B4: 8.6980251 | C4: 5.0363287 | D4: 9.606549 | E4: 6.9213539 | F4: 4.4032132 | G4: 4.8215607 | H4: 12.1821 | I4: 12.402596 | J4: 17.117467 | K4: 10.301441 | L4: 5.0664721
A5: Beans | B5: 0.22425437 | C5: 0.12129025 | D5: 0.24980138 | E5: 0.13434337 | F5: 0 | G5: 0 | H5: 0.91321699 | I5: 0.028270468 | J5: 0.19741551 | K5: 0.46992624 | L5: 0
A6: Groundnuts | B6: 3.7710258 | C6: 0.48732802 | D6: 4.5857624 | E6: 2.2648783 | F6: 3.1817973 | G6: 2.2931988 | H6: 3.7143442 | I6: 6.2387037 | J6: 2.9169077 | K6: 7.1222097 | L6: 0.8350928
A7: Peas | B7: 1.2175024 | C7: 0.21511427 | D7: 1.4662106 | E7: 0.59840442 | F7: 0.75449635 | G7: 3.989681 | H7: 0.45489158 | I7: 0.51750023 | J7: 0 | K7: 0.022793967 | L7: 2.6480845
A8: Soya Beans | B8: 2.1516745 | C8: 0.20646709 | D8: 2.6343108 | E8: 1.5978936 | F8: 0.33530012 | G8: 1.713923 | H8: 2.6356352 | I8: 3.5075482 | J8: 1.6716109 | K8: 4.5482851 | L8: 0.019048301
A9: Cassava | B9: 0.35747974 | C9: 0 | D9: 0.44617604 | E9: 0 | F9: 0.10846776 | G9: 1.1098994 | H9: 0.61207797 | I9: 0 | J9: 0.95012184 | K9: 0 | L9: 0.5441564
A10: Sweet Potatoes | B10: 0.7483231 | C10: 0.025014936 | D10: 0.92778712 | E10: 2.0700186 | F10: 1.263401 | G10: 0.047223379 | H10: 0.42472776 | I10: 0.31743512 | J10: 3.361035 | K10: 0.20526958 | L10: 0.59996274
A11: Irish Potatoes | B11: 0.3870153 | C11: 0.10169552 | D11: 0.45780758 | E11: 0.11263987 | F11: 0 | G11: 0.16000209 | H11: 0.0069772216 | I11: 1.2620715 | J11: 0.18852445 | K11: 0.85181063 | L11: 0
A12: Banana | B12: 0.001566334 | C12: 0 | D12: 0.0019549658 | E12: 0 | F12: 0.010201194 | G12: 0 | H12: 0 | I12: 0 | J12: 0.013615395 | K12: 0 | L12: 0
A13: Tobacco | B13: 0.6884063 | C13: 0 | D13: 0.85921063 | E13: 0 | F13: 0 | G13: 0.2916834 | H13: 0.092336378 | I13: 2.3118259 | J13: 0 | K13: 1.1900507 | L13: 0.39031627
A14: Sugarcane | B14: 0.16011136 | C14: 0 | D14: 0.19983748 | E14: 0 | F14: 0 | G14: 0.83940185 | H14: 0 | I14: 0 | J14: 0 | K14: 0 | L14: 0.35106326
A15: Vegetables | B15: 4.2515566 | C15: 1.3729605 | D15: 4.9657811 | E15: 1.7914644 | F15: 6.4172039 | G15: 5.4421485 | H15: 3.8801722 | I15: 4.1017251 | J15: 0.84777059 | K15: 3.1489843 | L15: 6.1469683
A16: Other, specify | B16: 2.0929917 | C16: 0.78930331 | D16: 2.4164571 | E16: 1.9526404 | F16: 2.271304 | G16: 2.5860143 | H16: 1.2560133 | I16: 2.3958 | J16: 0.7244749 | K16: 1.1498114 | L16: 3.3251345
A17: Back to Table of Contents

Sheet Access_Agriculture
A1: Table 3.5. Access to Affordbale Inputs Program (AIP)
B2: Registered (% of HHs) | C2: Not Yet Purchased the Inputs (% HH that Registered)
B3: 3.6811295 | C3: Overall | D3: % of respondents by residence | F3: % of respondents by Region | S3: Could not buy | T3: Needed & bought | U3: No need
B4: 2.7513774 | D4: Urban | E4: Rural | F4: North | G4: Central | H4: South | R4: Soap | S4: =100-U4-T4 -> #REF! | T4: =#REF!*((100-#REF!)/100) -> #REF! | U4: =100-#REF! -> #REF!
A5: Registered for AIP | B5: 52.99133 | C5: 34.656108 | D5: 38.748074 | E5: 34.225807 | F5: 33.041978 | G5: 36.643548 | H5: 33.267161 | R5: Medical Services | S5: =100-U5-T5 -> #REF! | T5: =#REF!*((100-#REF!)/100) -> #REF! | U5: =100-#REF! -> #REF!
A7: Back to Table of Contents

Sheet Access_Agriculture1
A1: Table 3.5. Dissatisfaction with AIP
B2: Overall | C2: % of respondents by residence
C3: Urban | D3: Rural
A4: Selling points are too far | B4: 32.678567 | C4: 21.004153 | D4: 33.918648
A5: Supplies are not enough | B5: 32.59609 | C5: 32.208546 | D5: 32.637256
A6: Waiting time is too long | B6: 37.730994 | C6: 25.766672 | D6: 39.00187
A7: Selling points are asking for additional money | B7: 33.517733 | C7: 5.6218461 | D7: 36.480894
A8: Bags are being opened and fertilizers removed by sellers | B8: 0 | C8: 0 | D8: 0
A9: Network is mostly down | B9: 62.835718 | C9: 73.734108 | D9: 61.678068
A10: Other | B10: 8.0346046 | C10: 23.173354 | D10: 6.4265343
A11: Back to Table of Contents
